 Dungeon Crawl Stone Soup version 0.31.0-12-g77e489cdc1 (webtiles) character file.

Game seed: 14164715416477801856

12426077 raguz the Skullcrusher (level 27, 327/327 HPs)
             Began as a Naga Warper on Feb 15, 2024.
             Was the Champion of Cheibriados.
             Escaped with the Orb
             ... and 15 runes on Feb 17, 2024!
             The game lasted 09:03:05 (130884 turns).

raguz the Skullcrusher (Naga Warper)              Turns: 130884, Time: 09:03:05

Health: 327/327    AC: 43    Str: 49    XL:     27
Magic:  45/45      EV: 18    Int: 37    God:    Cheibriados [******]
Gold:   12480      SH: 32    Dex: 34    Spells: 8/73 levels left

rFire   + . .        J - +9 eveningstar (freeze)
rCold   + + +        b - +2 tower shield of Honour {rC- Str+6 Stlth+}
rNeg    + + +        Y - +5 ice dragon scales of the Cobbler {rF- rC++ Regen+ Dex+7 SInv}
rPois   ∞            S - +2 helmet {Int+3}
rElec   +            K - +2 cloak {rCorr}
rCorr   +            k - +2 pair of gloves of the Kangaroo {rN+ Will- Str+3 Slay+6}
SInv    +            M - +0 barding of Generosity {rElec}
Will    +++++        m - amulet of the Four Winds {rN+ Will+++ Clar}
Stlth   ++           I - ring of Ydacsae {Int+6 Slay+5}
HPRegen 1.54/turn    s - ring of Visunlyo {rElec rF++ rC+ rN+ Dex-2}
MPRegen 0.29/turn

%: clarity
@: death-form, studying Fire Magic, very slow
A: vile attack, torment immunity, no potions, AC +9, large, see invisible,
deformed body, poison resistance, slowness 2, spit poison 1, naga tail 2,
stinger 1, low MP 1, robust 1
0: Orb of Zot
}: 15/15 runes: barnacled, slimy, silver, golden, iron, obsidian, icy, bone,
abyssal, demonic, glowing, magical, fiery, dark, gossamer
a: Spit Poison, Siphon Essence, Begin Untransformation, Renounce Religion, Bend
Time, Temporal Distortion, Slouch, Step From Time


You escaped.
You worshipped Cheibriados.
Cheibriados was exalted by your worship.
You were an undying horror.
You visited 17 branches of the dungeon, and saw 86 of its levels.
You visited Pandemonium 2 times, and saw 14 of its levels.
You visited the Abyss 2 times.
You also visited: Sewer and Ice Cave.

You collected 19143 gold pieces.
You spent 6663 gold pieces at shops.

Inventory:

Hand Weapons
 e - a +4 demon whip of electrocution
 J - a +9 eveningstar of freezing (weapon)
 T - a +9 sacred scourge of holy wrath
Missiles
 j - 9 javelins
 w - 16 silver javelins (quivered)
 P - 7 throwing nets
Armour
 b - the +2 tower shield of Honour (worn) {rC- Str+6 Stlth+}
   (You found it on level 3 of the Elven Halls)

   Str+6:     It affects your strength (+6).
   rC-:       It makes you vulnerable to cold.
   Stlth+:    It makes you more stealthy.
 k - the +2 pair of gloves of the Kangaroo (worn) {rN+ Will- Str+3 Slay+6}
   (You found it on level 5 of the Pits of Slime)

   Str+3:     It affects your strength (+3).
   Slay+6:    It affects your accuracy & damage with ranged weapons and melee
   (+6).
   rN+:       It protects you from negative energy.
   Will-:     It decreases your willpower.
 G - a scarf of resistance
 K - a +2 cloak of preservation (worn)
 M - the +0 barding of Generosity (worn) {rElec}
   (You acquired it on level 11 of the Dungeon)

   rElec:     It insulates you from electricity.
 S - a +2 helmet of intelligence (worn)
 Y - the +5 ice dragon scales of the Cobbler (worn) {rF- rC++ Regen+ Dex+7 SInv}
   (You found it in an ice cave)

   Dex+7:     It affects your dexterity (+7).
   rF-:       It makes you vulnerable to fire.
   rC++:      It greatly protects you from cold.
   SInv:      It lets you see invisible.
   Regen+:    It increases your rate of health regeneration.
Jewellery
 d - the ring of Inualu {+Blink rCorr Int+5 SInv Stlth-}
   (You took it off Antaeus on level 7 of Cocytus)

   [ring of resist corrosion]

   Int+5:     It affects your intelligence (+5).
   SInv:      It lets you see invisible.
   +Blink:    It lets you blink.
   rCorr:     It protects you from acid and corrosion.
   Stlth-:    It makes you less stealthy.
 m - the amulet of the Four Winds (around neck) {rN+ Will+++ Clar}
   (You took it off an orc on level 5 of the Vaults)

   [amulet of nothing]

   rN+:       It protects you from negative energy.
   Will+++:   It greatly increases your willpower.
   Clar:      It protects you from confusion, rage, mesmerisation and fear.
 s - the ring of Visunlyo (right hand) {rElec rF++ rC+ rN+ Dex-2}
   (You bought it in a shop on level 2 of the Orcish Mines)

   [ring of positive energy]

   Dex-2:     It affects your dexterity (-2).
   rF++:      It greatly protects you from fire.
   rC+:       It protects you from cold.
   rElec:     It insulates you from electricity.
   rN+:       It protects you from negative energy.
 F - the ring "Goby" {Str+6 Int+3}
   (You found it on level 7 of Tartarus)

   [ring of strength]

   Str+6:     It affects your strength (+6).
   Int+3:     It affects your intelligence (+3).
 I - the ring of Ydacsae (left hand) {Int+6 Slay+5}
   (You found it on level 7 of Gehenna)

   [ring of intelligence]

   Int+6:     It affects your intelligence (+6).
   Slay+5:    It affects your accuracy & damage with ranged weapons and melee
   (+5).
Talismans
 V - a talisman of death (active)
Wands
 B - a wand of digging (40)
 C - a wand of light (80)
 E - a wand of flame (164)
 Z - a wand of iceblast (101)
Scrolls
 c - 9 scrolls of blinking
 r - 14 scrolls of fog
 z - 4 scrolls of revelation
 A - a scroll of butterflies
 H - 36 scrolls of teleportation
 L - 11 scrolls of torment
 N - 2 scrolls of enchant armour
 Q - 4 scrolls of silence
 R - 6 scrolls of amnesia
Potions
 a - 15 potions of lignification
 f - 17 potions of brilliance
 l - 2 potions of might
 n - 35 potions of curing
 o - 8 potions of ambrosia
 p - 5 potions of resistance
 t - 24 potions of heal wounds
 u - 10 potions of enlightenment
 v - 7 potions of mutation
 y - 3 potions of invisibility
 D - 11 potions of attraction
 W - 3 potions of magic
 X - 9 potions of cancellation
Miscellaneous
 g - a figurine of a ziggurat
 h - a condenser vane
 i - a box of beasts
 q - the horn of Geryon
 x - a lightning rod (4/4)
 O - a phial of floods
 U - a phantom mirror


   Skills:
 O Level 27 Fighting
 O Level 27 Maces & Flails
 + Level 17.6 Throwing
 * Level 16.1 Armour
 - Level 10.6 Dodging
 - Level 10.8 Stealth
 O Level 27 Shields
 * Level 23.8 Spellcasting
 - Level 7.0 Necromancy
 - Level 14.5 Translocations
 O Level 27 Ice Magic
 - Level 15.0 Invocations
 - Level 7.3 Evocations
 - Level 23.3 Shapeshifting


You had 8 spell levels left.
You knew the following spells:

 Your Spells              Type           Power      Damage    Failure   Level
a - Ozocubu's Armour      Ice            100%       N/A       0%          3
b - Lesser Beckoning      Tloc           100%       N/A       0%          2
c - Manifold Assault      Tloc           100%       N/A       1%          4
d - Vhi's Electric Charg  Tloc/Air       100%       N/A       1%          4
e - Blink                 Tloc           100%       N/A       0%          2
f - Apportation           Tloc           100%       N/A       0%          1
g - Ozocubu's Refrigerat  Ice            63%        4d21      0%          7
h - Polar Vortex          Ice            63%        12d8*     1%          9
i - Disjunction           Tloc           50%        N/A       13%         8
j - Fugue of the Fallen   Necr           77%        N/A       1%          3
k - Borgnjor's Vile Clut  Necr/Erth      31%        N/A       4%          5
l - Death's Door          Necr           38%        N/A       100%        9
m - Borgnjor's Revivific  Necr           38%        N/A       96%         8

Your spell library contained the following spells:

 Spells                   Type           Power      Damage    Failure   Level
 Freeze                   Ice            100%       1d10      0%          1
 Ensorcelled Hibernation  Hex/Ice        100%       N/A       0%          2
 Frozen Ramparts          Ice            100%       1d16      0%          3
 Hailstorm                Conj/Ice       97%        3d15      0%          3
 Summon Ice Beast         Ice/Summ       97%        N/A       0%          3
 Teleport Other           Tloc           100%       N/A       0%          3
 Foxfire                  Conj/Fire      100%       2x1d9     1%          1
 Kiss of Death            Conj/Necr      100%       2d13      1%          1
 Necrotise                Necr           100%       1d9       1%          1
 Sandblast                Erth           88%        2d18      1%          1
 Shock                    Conj/Air       100%       1d9       1%          1
 Slow                     Hex            100%       N/A       1%          1
 Sting                    Conj/Alch      100%       1d9       1%          1
 Summon Small Mammal      Summ           100%       N/A       1%          1
 Call Imp                 Summ           88%        N/A       1%          2
 Cigotuvi's Dreadful Rot  Necr/Alch/Air  100%       N/A       1%          2
 Jinxbite                 Hex            88%        N/A       1%          2
 Mercury Vapours          Alch/Air       88%        N/A       1%          2
 Momentum Strike          Conj/Tloc      100%       3d10      1%          2
 Scorch                   Fire           88%        2d8       1%          2
 Searing Ray              Conj           88%        2d7       1%          2
 Static Discharge         Conj/Air       88%        3-7/arc   1%          2
 Sublimation of Blood     Necr           77%        N/A       1%          2
 Vampiric Draining        Necr           77%        2d11      1%          3
 Volatile Blastmotes      Fire/Tloc      100%       2d18      1%          3
 Anguish                  Hex/Necr       31%        N/A       1%          4
 Animate Dead             Necr           77%        N/A       1%          4
 Dimensional Bullseye     Hex/Tloc       39%        N/A       1%          4
 Dispel Undead            Necr           77%        3d25      1%          4
 Iskenderun's Mystic Bla  Conj/Tloc      78%        2d16      1%          4
 Martyr's Knell           Necr/Summ      63%        N/A       1%          4
 Passage of Golubria      Tloc           100%       N/A       1%          4
 Curse of Agony           Necr           77%        N/A       1%          5
 Freezing Cloud           Conj/Ice/Air   42%        6-21      1%          5
 Metabolic Englaciation   Hex/Ice        48%        N/A       1%          5
 Dispersal                Tloc           50%        N/A       1%          6
 Sculpt Simulacrum        Ice/Alch       48%        N/A       1%          6
 Call Canine Familiar     Summ           44%        N/A       2%          3
 Confusing Touch          Hex            44%        N/A       2%          3
 Dazzling Flash           Conj/Hex       88%        N/A       2%          3
 Inner Flame              Hex/Fire       44%        N/A       2%          3
 Mephitic Cloud           Conj/Alch/Air  44%        N/A       2%          3
 Passwall                 Erth           44%        N/A       2%          3
 Sigil of Binding         Hex            44%        N/A       2%          3
 Stone Arrow              Conj/Erth      88%        3d12      2%          3
 Tukima's Dance           Hex            44%        N/A       2%          3
 Death Channel            Necr           38%        N/A       7%          6
 Airstrike                Air            22%        2d(4-20)  8%          4
 Animate Armour           Summ/Erth      88%        N/A       8%          4
 Brom's Barrelling Bould  Conj/Erth      44%        2d6       8%          4
 Cause Fear               Hex            22%        N/A       8%          4
 Flame Wave               Conj/Fire      44%        2d11      8%          4
 Fulminant Prism          Conj/Alch      22%        3d12      8%          4
 Ignite Poison            Fire/Alch      44%        N/A       8%          4
 Leda's Liquefaction      Alch/Erth      22%        N/A       8%          4
 Olgreb's Toxic Radiance  Alch           44%        N/A       8%          4
 Petrify                  Alch/Erth      44%        N/A       8%          4
 Sticky Flame             Fire/Alch      44%        2d8       8%          4
 Summon Blazeheart Golem  Fire/Summ      44%        N/A       8%          4
 Summon Lightning Spire   Summ/Air       44%        N/A       8%          4
 Alistair's Intoxication  Alch           29%        N/A       22%         5
 Arcjolt                  Conj/Air       22%        1d32      22%         5
 Fireball                 Conj/Fire      22%        3d10      22%         5
 Irradiate                Conj/Alch      22%        3d19      22%         5
 Lee's Rapid Deconstruct  Erth           22%        3d12*     22%         5
 Silence                  Hex/Air        22%        N/A       22%         5
 Summon Mana Viper        Hex/Summ       44%        N/A       22%         5
 Yara's Violent Unravell  Hex/Alch       22%        3d10      22%         5
 Malign Gateway           Summ/Tloc      39%        N/A       32%         7
 Bombard                  Conj/Erth      22%        9d4       75%         6
 Conjure Ball Lightning   Conj/Air       22%        3x3d6     75%         6
 Eringya's Noxious Bog    Alch           22%        4d6       75%         6
 Plasma Beam              Fire/Air       22%        2x1d34    75%         6
 Starburst                Conj/Fire      22%        6d7       75%         6
 Summon Cactus Giant      Summ           22%        N/A       75%         6
 Haunt                    Necr/Summ      31%        N/A       83%         7
 Infestation              Necr           38%        N/A       96%         8
 Enfeeble                 Hex            22%        N/A       100%        7
 Monstrous Menagerie      Summ           22%        N/A       100%        7
 Orb of Destruction       Conj           22%        9d8       100%        7
 Spellforged Servitor     Conj/Summ      22%        N/A       100%        7
 Summon Hydra             Summ           22%        N/A       100%        7
 Ignition                 Fire           22%        3d8       100%        8
 Lehudib's Crystal Spear  Conj/Erth      22%        10d6      100%        8
 Maxwell's Capacitive Co  Air            22%        ∞         100%        8
 Summon Horrible Things   Summ           22%        N/A       100%        8
 Chain Lightning          Conj/Air       22%        3d29      100%        9
 Dragon's Call            Summ           22%        N/A       100%        9
 Fire Storm               Conj/Fire      22%        8d6       100%        9
 Shatter                  Erth           22%        3d19*     100%        9


Dungeon Overview and Level Annotations

Branches:
Dungeon (15/15)            Temple (0/1) D:6            Lair (5/5) D:11
 Shoals (4/4) Lair:3       Spider (4/4) Lair:3        Slime (5/5) Lair:5
    Orc (2/2) D:9             Elf (3/3) Orc:2        Vaults (5/5) D:14
  Crypt (3/3) Vaults:3       Tomb (3/3) Crypt:3      Depths (4/4) D:15
   Hell (visited)             Dis (7/7) Hell            Geh (7/7) Hell
    Coc (7/7) Hell            Tar (7/7) Hell            Zot (5/5) Depths:4
  Sewer (visited)           IceCv (visited)

Altars:
Cheibriados
Dithmenos
Elyvilon
Gozag
Hepliaklqana
Kikubaaqudgha
Okawaru
Sif Muna
Wu Jian
Xom
Yredelemnul
Zin
Jiyva

Shops:
D:1 =[   D:8 *   Orc:2 [*(=   Elf:1 [([(   Elf:3 *=(*   Shoals:1 *   Shoals:2 =
Vaults:1 ?   Vaults:4 (   Depths:4 :*

Portals:
Hell: Depths:1 Depths:2 Depths:3 Depths:4
Abyss: Depths:2 Depths:3 Depths:4
Pandemonium: Depths:2
Ziggurat: Depths:1


Innate Abilities, Weirdness & Mutations

You are an undying horror.
Your melee and unarmed attacks drain, slow and weaken victims.
You are immune to unholy pain and torment.
You cannot drink.
Your serpentine skin is tough. (AC +9)
You have supernaturally acute eyesight. (SInv)
Armour fits poorly on your strangely shaped body.
Your system is resistant to poisons. (rPois)
You cover ground very slowly.
You can spit poison.
You can use your snake-like lower body to constrict enemies.
Your tail ends in a venomous barb.
Your magical capacity is low. (-10% MP)
You are robust. (+10% HP)


Message History

You constrict the Hell Sentinel.
Casting: Manifold Assault (safe; 1% risk of failure)
Confirm with . or Enter, or press ? or * to list all spells.
Space momentarily warps into an impossible shape!
You bludgeon the cacodemon!! You freeze the cacodemon.
You kill the cacodemon!
Cheibriados appreciates the change of pace.
You bludgeon the Hell Sentinel!!
The Hell Sentinel decays.
You constrict the Hell Sentinel. The Hell Sentinel gestures at you.
You block the iron shot.
You hit the Hell Sentinel but do no damage.
The Hell Sentinel is almost dead.
You constrict the Hell Sentinel!
You kill the Hell Sentinel!
Cheibriados appreciates the change of pace.
The winds around you calm down.
Boris, Master of Life and Death comes into view.
Boris shouts!
Boris is empowered by the presence of the orb!
Boris gestures at you while chanting. The bolt of cold hits you. You resist.
You spit Boris like a pig!!!!
Boris decays.
You freeze Boris. Your grab misses Boris.
Boris is severely damaged.
Boris casts a spell at you. The bolt of cold hits you! You resist.
You thump Boris!
Boris decays.
You grab Boris.
Boris is almost destroyed.
You constrict Boris! You crush Boris like a grape!!!
You destroy Boris!
Cheibriados appreciates the change of pace.
Your condenser vane has recharged.
You see here a +1 robe.
There is a staircase leading out of the dungeon here.
You start resting.
Magic restored.
You can't go down here!
You have escaped!

######## #.##.###.#
#.# .......# #.#..#
#.# #.# ######.#
#.#.## ### #.# #.#
#.#.######### #.#
###.###.#....##...#
#.###### ##
#............###..#
#.#.....
.###.#..........####.#
###.......
.##........#...8.##..#
#........#
.##..#######....z#.#.#
#.###.#### .)...#
#...8.#.#.# #.# #.#
.##.## #....##.#.#
#.###.# ....#
#....##...# #..##.####
.#### #....####.#
##.##..... .# #.####
#.# #.####### .# #.#
#.# #.# # ## ### #.##
#.# # #..# #.# #


There were no monsters in sight!

Vanquished Creatures
  Cerebov (Pan)
  Antaeus (Coc:7)
  Asmodeus (Geh:7)
  the Royal Jelly (Slime:5)
  Ereshkigal (Tar:7)
  Mnoleg (Pan)
  Lom Lobon (Pan)
  Gloorx Vloq (Pan)
  the Serpent of Hell (Tar:7)
  Dispater (Dis:7)
  10 dread liches
  10 ancient liches
  11 orbs of fire
  Mara (Vaults:5)
  6 juggernauts
  11 pandemonium lords
  33 royal mummies
  27 shard shrikes
  Boris (4 times) (Elf:3 Depths:2 Crypt:2 D:1)
  15 caustic shrikes
  4 Killer Klowns (Zot:5)
  6 curse toes
  Geryon (Hell)
  11 golden dragons
  Norris (Vaults:1)
  Arachne (Spider:3)
  5 profane servitors
  Nikola (Elf:3)
  31 bone dragons
  13 doom hounds
  A shard shrike zombie (Hell)
  20 Brimstone Fiends
  4 electric golems
  25 Tzitzimimeh
  7 hellephants
  2 spectral shard shrikes
  4 iron giants
  Zenata (Vaults:1)
  6 liches
  37 Hell Sentinels
  35 Ice Fiends
  Mlioglotl (Shoals:1)
  A walking crystal tome (Depths:4)
  31 tentacled monstrosities
  4 shard shrike skeletons
  3 deep elf blademasters
  15 tainted leviathans
  30 Orb Guardians
  19 titans
  A walking earthen tome (Depths:3)
  6 quicksilver dragons
  Asterion (Vaults:1)
  A walking divine tome (Depths:3)
  16 searing wretches
  14 acid blobs
  11 death cobs
  12 sphinxes
  3 walking frostbound tomes (Pan)
  45 Executioners
  3 deep elf master archers (Elf:3)
  A kraken (Shoals:1)
  Polyphemus (Shoals:2)
  44 ancient champions
  18 storm dragons
  2 tentacled starspawn (Abyss:4)
  An eldritch tentacle (Depths:4)
  Kirke (Lair:4)
  Agnes (D:14)
  6 tengu reavers
  15 shadow dragons
  6 revenants
  27 fire giants
  Aizul (Shoals:1)
  2 nagarajas (Pan)
  2 fenstrider witches (Pan)
  8 draconian monks
  Donald (Elf:3)
  12 protean progenitors
  Roxanne (Shoals:1)
  8 rockslimes (Slime:5)
  17 azure jellies
  2 emperor scorpions
  18 narguns
  14 frost giants
  15 demonspawn warmongers
  5 draconian knights
  14 iron dragons
  7 draconian scorchers
  Louise (Spider:3)
  12 deep elf sorcerers
  54 balrugs
  3 deep elf elementalists
  9 vault wardens
  4 curse skulls
  13 quicksilver elementals
  3 spectral juggernauts
  15 ghost moths
  2 shard shrike simulacra
  2 draconian shifters
  3 spectral caustic shrikes
  4 draconian stormcallers
  13 demonspawn corrupters
  2 ghouls (Crypt:3)
  The ghost of Melum the Slicer, a journeyman DjHW of Makhleb (D:12)
  8 draconian annihilators
  8 formless jellyfish
  42 cacodemons
  11 caustic shrike skeletons
  46 reapers
  4 broodmothers
  28 very ugly things
  An angel (Abyss:4)
  4 orc warlords
  7 juggernaut skeletons
  19 ironbound preservers
  2 spriggan defenders
  9 demonspawn blood saints (Pan)
  20 stone giants
  10 deep elf demonologists
  10 quicksilver oozes
  11 demonspawn black suns (Pan)
  23 lorocyprocas
  22 wendigos
  22 elemental wellsprings
  8 ironbound thunderhulks
  6 vampire knights
  10 green draconians
  15 putrid mouths
  17 white draconians
  Azrael (Elf:2)
  12 deep elf annihilators
  15 spark wasps
  A spectral titan (Tar:2)
  9 black draconians
  6 bennus
  35 war gargoyles
  8 dire elephants
  8 deep elf death magi
  13 yellow draconians
  13 purple draconians
  11 red draconians
  30 blizzard demons
  21 iron golems
  16 green deaths
  19 ettins
  4 crystal guardians
  A spectral elf (Tar:1)
  20 eidola
  3 entropy weavers
  11 fire dragons
  10 deep elf high priests
  6 merfolk impalers
  A spectral quicksilver dragon (Tar:4)
  25 mummy priests
  2 merfolk javelineers
  4 spectral spriggans
  5 jiangshi (Crypt:3)
  13 yaktaur captains
  3 rakshasas
  A pearl dragon skeleton (Crypt:1)
  7 ice dragons
  10 juggernaut simulacra
  13 great orbs of eyes
  8 hydras
  A fenstrider witch zombie (Crypt:1)
  18 salamander tyrants
  3 catoblepae
  10 centaur warriors
  3 peacekeepers
  26 vault guards
  10 ironbound frosthearts
  5 hell beasts (Pan)
  12 caustic shrike simulacra
  4 spriggan air magi
  10 stokers
  8 satyrs
  An Orb Guardian zombie (Crypt:2)
  A fenstrider witch skeleton (Crypt:1)
  5 spriggan skeletons
  5 ogre magi
  4 alligator snapping turtles
  12 two-headed ogres
  A radroach (Spider:4)
  6 jorogumos
  8 merfolk aquamancers
  4 boulder beetles
  A titan zombie (Dis:6)
  83 death scarabs
  29 demonic crawlers
  2 death yaks
  6 deep troll earth magi
  29 dancing weapons
  10 deep troll shamans
  A two-headed ogre (shapeshifter) (Vaults:5)
  2 death knights
  An occultist (Depths:1)
  A shock serpent (shapeshifter) (Zot:2)
  4 tengu warriors
  A spectral storm dragon (Tar:1)
  7 orc high priests
  6 vampire magi
  A spectral dire elephant (Tar:6)
  6 thrashing horrors
  33 hell hogs
  7 spriggan berserkers
  15 deep elf knights
  182 sun demons
  8 hell knights
  76 soul eaters
  13 skysharks
  A storm dragon zombie (Vaults:2)
  An emperor scorpion zombie (Crypt:2)
  74 skeletal warriors
  3 titan skeletons
  The ghost of mkat the Covert, a novice KoFi of Makhleb (D:9)
  2 wretched stars
  8 crystal echidnas
  22 shadow wraiths
  An anaconda zombie (Hell)
  6 spatial maelstroms (Abyss:5)
  2 storm dragon skeletons
  48 sixfirhies (Pan)
  7 iron trolls
  A glowing orange brain (shapeshifter) (Vaults:5)
  7 pharaoh ants
  7 hellephant skeletons (Pan)
  45 shadow demons
  A spectral bunyip (Tar:2)
  92 large abominations
  2 bunyip zombies
  7 arcanists
  24 sun moths
  2 mana vipers (shapeshifter)
  51 deep trolls
  10 orb spiders
  5 flayed ghosts
  20 sea snakes
  An iron giant skeleton (Hell)
  3 swamp dragons (Pan)
  10 quicksilver dragon simulacra
  3 glowing orange brains
  3 bog bodies
  A golden dragon skeleton (Crypt:3)
  A cherub (Pan)
  3 obsidian statues
  3 lindwurms
  A lindwurm (shapeshifter) (Depths:4)
  17 phantasmal warriors
  17 starcursed masses
  2 anaconda skeletons
  13 deep elf archers
  7 necromancers
  A bunyip skeleton (Crypt:3)
  18 ironbound convokers
  A spriggan simulacrum (Coc:4)
  16 harpies
  A sea snake (shapeshifter) (Depths:2)
  A steelbarb worm (shapeshifter) (Elf:3)
  13 orc knights
  30 deep elf pyromancers
  4 steelbarb worms
  13 shining eyes
  25 deep elf zephyrmancers
  An iron dragon zombie (Crypt:1)
  7 orc sorcerers
  21 ugly things
  17 manticores
  22 wolf spiders
  16 fauns
  2 spectral ettins
  10 cyclopes
  An iron dragon skeleton (Crypt:3)
  A fire giant skeleton (Vaults:2)
  A spectral centaur (Tar:1)
  A cyclops (shapeshifter) (D:12)
  A worldbinder (Abyss:4)
  12 meliai
  25 moths of wrath
  12 elephants
  2 toenail golems
  A dire elephant zombie (Tomb:1)
  8 water nymphs
  5 merfolk sirens
  A centaur zombie (Hell)
  3 rust devils
  Joseph (D:8)
  4 kobold blastminers
  12 molten gargoyles
  4 Executioner simulacra (Pan)
  3 eyes of devastation
  5 black mambas
  64 smoke demons
  3 gargoyles (D:12)
  A torpor snail (shapeshifter) (Depths:3)
  35 orange demons (Pan)
  21 vault sentinels
  4 unseen horrors
  A torpor snail (Spider:3)
  9 cane toads
  2 naga skeletons
  A centaur skeleton (Hell)
  3 dire elephant skeletons (Crypt:3)
  8 titan simulacra
  A white draconian zombie (Crypt:3)
  8 ice statues
  2 alligator snapping turtle skeletons
  36 hellions
  A death yak zombie (Crypt:2)
  3 kobold demonologists
  33 efreet
  An unseen horror zombie (Crypt:3)
  6 rime drakes
  A steelbarb worm zombie (Crypt:2)
  A sea snake zombie (Hell)
  29 yaktaurs
  5 anaconda simulacra
  14 komodo dragons
  A sea snake skeleton (Hell)
  3 iron giant simulacra
  Maggie (D:6)
  4 tengu conjurers
  A grey draconian skeleton (Crypt:3)
  5 golden dragon simulacra
  A spectral naga (Tar:6)
  13 ice devils
  A bunyip simulacrum (Coc:2)
  8 red devils (Pan)
  25 tormentors
  A green draconian skeleton (Crypt:2)
  2 ancient zymes (Abyss:4)
  4 harpy zombies
  2 hydra zombies (Hell)
  30 merfolk
  15 freezing wraiths
  5 tyrant leeches
  49 guardian mummies
  4 spectral harpies
  3 silent spectres
  3 hornets
  10 trolls
  23 hellwings
  2 shadow dragon simulacra (Coc:2)
  2 alligator simulacra
  25 dream sheep
  8 wind drakes
  A hornet (shapeshifter) (Vaults:5)
  A polar bear (shapeshifter) (Elf:1)
  26 tarantellas
  7 harpy skeletons
  A raiju (shapeshifter) (D:14)
  A glass eye (shapeshifter) (Depths:2)
  A moth of wrath zombie (Crypt:2)
  10 snapping turtles
  4 hydra skeletons
  A human simulacrum (Vaults:2)
  24 blink frogs
  7 glass eyes
  3 iron dragon simulacra
  84 slime creatures
  14 jumping spiders
  The ghost of Gadfly the Shooter, an amateur KoHu (D:3)
  2 stone giant simulacra
  A centaur simulacrum (Coc:2)
  21 culicivoras
  68 ynoxinuls
  3 spriggans
  A spriggan (shapeshifter) (Vaults:5)
  30 ushabtiu
  2 ettin skeletons
  11 air elementals
  9 dire elephant simulacra
  2 alligator snapping turtle simulacra
  11 fire elementals
  A merfolk skeleton (Crypt:3)
  26 yaks
  A vampire (D:12)
  16 wyverns
  A black mamba zombie (Crypt:3)
  19 water elementals
  8 wraiths
  A black mamba skeleton (Crypt:3)
  2 humans (shapeshifter)
  A tyrant leech zombie (Crypt:2)
  2 steam dragons (Lair:3)
  3 hogs (Lair:4)
  10 golden eyes
  Grum (D:8)
  12 basilisks
  A warg (Elf:2)
  A golden eye (shapeshifter) (Elf:3)
  53 redbacks
  2 vampire mosquitoes (D:13)
  58 chaos spawn
  Menkaure (D:7)
  53 neqoxecs
  22 spatial vortices (Abyss:5)
  Edmund (D:6)
  20 harpy simulacra
  A faun zombie (Crypt:1)
  5 hydra simulacra
  11 water moccasins
  2 small abominations
  A faun skeleton (Crypt:3)
  16 hell hounds
  2 deep troll skeletons (Tomb:3)
  27 laughing skulls
  39 orc warriors
  10 ettin simulacra
  A sky beast (D:8)
  A black bear (D:6)
  A blink frog zombie (Crypt:3)
  6 ogres
  A swamp dragon skeleton (Hell)
  A snapping turtle skeleton (Crypt:2)
  18 wolves
  13 centaurs
  A human skeleton (Vaults:2)
  A hog skeleton (Crypt:1)
  2 phantoms
  11 kobold brigands
  A rime drake skeleton (Crypt:2)
  13 bullfrogs
  3 gnoll sergeants
  A deep troll simulacrum (IceCv)
  3 naga simulacra
  A necrophage (Crypt:3)
  11 earth elementals
  A scorpion (D:7)
  A draconian skeleton (Crypt:1)
  2 lindwurm simulacra (IceCv)
  38 killer bees
  3 howler monkeys
  6 electric eels
  5 lava snakes (Lair:5)
  2 hounds
  2 jellies
  Crazy Yiuf (D:5)
  A bombardier beetle (D:4)
  A gnoll bouda (D:6)
  41 orc priests
  A basilisk zombie (Crypt:3)
  5 iguanas
  32 orc wizards
  12 hell rats
  A boggart skeleton (Crypt:1)
  A deep dwarf zombie (Crypt:3)
  A tengu skeleton (Crypt:3)
  2 howler monkey zombies (D:9)
  63 mummies
  22 gnolls
  6 adders
  4 river rats
  2 shadow imps (D:8)
  2 ufetubi
  An adder skeleton (Crypt:1)
  A ribbon worm (D:3)
  2 dart slugs
  75 orcs
  3 bats
  4 endoplasms
  4 giant cockroaches
  11 hobgoblins
  8 jackals
  2 quokkas
  9 ball pythons
  2 frilled lizards (D:1)
  13 goblins
  A hobgoblin skeleton (Crypt:2)
  A jackal skeleton (Crypt:1)
  29 kobolds
  10 rats
  A rat skeleton (Crypt:1)
  4 aspiring fleshes
  2 ball lightnings (Pan)
  6 creeping infernos
  8 fire vortices
  A lurking horror (Abyss:4)
  3 starspawn tentacles (Abyss:4)
5098 creatures vanquished.

Vanquished Creatures (others)
  A shard shrike (Coc:5)
  A lich (Tomb:1)
  A titan (Pan)
  An Executioner (Pan)
  An eldritch tentacle (Pan)
  A shadow dragon (Zot:3)
  A fenstrider witch (Pan)
  A nargun (Coc:5)
  2 shard shrike simulacra (Coc:7)
  2 reapers (Pan)
  A draconian stormcaller (Zot:1)
  A green death (Pan)
  2 soul eaters (Pan)
  A deep elf knight (Elf:1)
  2 spriggan simulacra
  A quicksilver dragon simulacrum (Coc:4)
  A wolf spider (Spider:1)
  A smoke demon (Pan)
  An iron giant simulacrum (Coc:5)
  5 ynoxinuls (Pan)
  An air elemental (Elf:2)
  An iron dragon simulacrum (Coc:7)
  A water elemental (Hell)
  5 neqoxecs (Pan)
  A chaos spawn (Pan)
  2 harpy simulacra (Coc:7)
  2 hell hounds (Elf:2)
  4 ball lightnings (Pan)
  A lurking horror (Abyss:4)
  3 starspawn tentacles (Abyss:4)
  4 tentacles (Shoals:1)
53 creatures vanquished.

Grand Total: 5151 creatures vanquished

Notes
Turn   | Place    | Note
-------+----------+-------------------------------------------
     0 | D:1      | raguz the Naga Warper began the quest for the Orb.
     0 | D:1      | Reached XP level 1. HP: 19/19 MP: 3/3
   115 | D:1      | Reached XP level 2. HP: 26/26 MP: 5/5
   160 | D:1      | Found Vytwun's Magic Scroll Boutique.
   264 | D:1      | Found Tuturadd's Antique Armour Boutique.
   264 | D:1      | Found Agirutru's Jewellery Shoppe.
   430 | D:1      | Bought a scroll of identify for 28 gold pieces
   671 | D:1      | Reached XP level 3. HP: 31/32 MP: 6/6
   835 | D:1      | Learned a level 2 spell: Blink
   838 | D:1      | Learned a level 2 spell: Lesser Beckoning
   840 | D:1      | Learned a level 1 spell: Apportation
  1358 | D:2      | Reached XP level 4. HP: 39/39 MP: 7/7
  1839 | D:1      | Bought a scroll of fog for 56 gold pieces
  1839 | D:1      | Bought a scroll of noise for 14 gold pieces
  2056 | D:3      | Found a runed translucent door.
  2057 | D:3      | Noticed Gadfly's ghost (amateur KoHu)
  2182 | D:3      | Found an ancient bone altar of Kikubaaqudgha.
  2242 | D:3      | Found a glowing drain.
  2249 | D:3      | Reached skill level 5 in Maces & Flails
  2249 | D:3      | Reached XP level 5. HP: 45/45 MP: 8/8
  2257 | Sewer    | Entered a sewer
  2377 | Sewer    | Noticed a kobold brigand
  2414 | Sewer    | Killed a kobold brigand
  2556 | Sewer    | Noticed a kobold brigand
  2578 | Sewer    | Killed a kobold brigand
  2579 | Sewer    | Reached XP level 6. HP: 52/52 MP: 9/9
  2624 | Sewer    | Found a glowing silver altar of Zin.
  3340 | D:1      | Bought a scroll of fear for 56 gold pieces
  3588 | D:4      | Reached XP level 7. HP: 60/60 MP: 10/10
  3849 | D:4      | Found an iron altar of Okawaru.
  3951 | D:4      | Found a snail-covered altar of Cheibriados.
  3959 | D:4      | Became a worshipper of Cheibriados the Contemplative
  4289 | D:5      | Entered Level 5 of the Dungeon
  4453 | D:5      | Got the Vellum of Changing Damage
  4586 | D:5      | Reached skill level 1 in Stealth
  4815 | D:5      | Reached skill level 1 in Invocations
  4975 | D:5      | Reached XP level 8. HP: 68/68 MP: 11/11
  5076 | D:5      | Found a runed translucent door.
  5077 | D:5      | Noticed Crazy Yiuf
  5086 | D:5      | Killed Crazy Yiuf
  5402 | D:5      | Identified the +1 robe of the Iron City of Dis {Rampage
                  | rElec Dex+6}
  5676 | D:1      | Bought a shiny helmet for 165 gold pieces
  5787 | D:5      | Reached * piety under Cheibriados
  6075 | D:6      | Noticed Edmund
  6090 | D:6      | Killed Edmund
  6296 | D:6      | Noticed Maggie
  6311 | D:6      | Killed Maggie
  6529 | D:6      | Found a hazy altar of Hepliaklqana.
  6671 | D:6      | Learned a level 4 spell: Manifold Assault
  6692 | D:6      | Reached skill level 5 in Stealth
  6692 | D:6      | Reached XP level 9. HP: 67/78 MP: 12/12
  6753 | D:6      | Reached ** piety under Cheibriados
  7154 | D:6      | Found a staircase to the Ecumenical Temple.
  7507 | D:7      | Noticed Menkaure
  7517 | D:7      | Killed Menkaure
  7518 | D:7      | Reached skill level 10 in Maces & Flails
  7518 | D:7      | Reached skill level 5 in Translocations
  7822 | D:7      | Reached *** piety under Cheibriados
  8216 | D:8      | Reached skill level 5 in Fighting
  8232 | D:8      | Reached skill level 5 in Invocations
  8243 | D:8      | Reached XP level 10. HP: 81/88 MP: 13/13
  8356 | D:8      | Reached **** piety under Cheibriados
  8510 | D:8      | Found an opulent altar of Gozag.
  8512 | D:8      | Found Gozag's Platinum Reserve.
  8552 | D:8      | Noticed Joseph
  8597 | D:8      | Killed Joseph
  8690 | D:8      | Reached ***** piety under Cheibriados
  9120 | D:8      | Found a glowing silver altar of Zin.
  9189 | D:8      | Noticed Grum
  9198 | D:8      | Killed Grum
  9682 | D:9      | Learned a level 4 spell: Vhi's Electric Charge
  9877 | D:9      | Found a shimmering altar of Xom.
 10080 | D:3      | Killed Gadfly's ghost
 10190 | D:1      | Bought a scroll of enchant weapon for 105 gold pieces
 10190 | D:1      | Bought a scroll of enchant armour for 105 gold pieces
 10235 | D:1      | Bought a buckler for 99 gold pieces
 10387 | D:9      | Noticed a kobold demonologist
 10392 | D:9      | Noticed a rust devil
 10401 | D:9      | Killed a kobold demonologist
 10402 | D:9      | Reached XP level 11. HP: 50/99 MP: 9/16
 10567 | D:9      | Identified the amulet "Jisaus" {Acrobat Fly rN+ Int+3
                  | Dex+3}
 10582 | D:9      | Reached skill level 1 in Shields
 10678 | D:9      | Found a shadowy altar of Dithmenos.
 10742 | D:9      | Found a runed translucent door.
 10748 | D:9      | Noticed mkat's ghost (novice KoFi)
 10749 | D:9      | Identified the +8 spear of Bloodstone {flame, MP+9 Str+2}
 10870 | D:9      | Found a shimmering blue altar of Sif Muna.
 10899 | D:9      | Found a staircase to the Orcish Mines.
 11032 | D:9      | Found a basalt altar of Yredelemnul.
 11128 | D:10     | Entered Level 10 of the Dungeon
 11242 | D:10     | Noticed a two-headed ogre
 11256 | D:10     | Killed a two-headed ogre
 11335 | D:10     | Found a white marble altar of Elyvilon.
 11539 | D:10     | Found an ornate altar of the Wu Jian Council.
 11644 | D:11     | Noticed a cyclops
 11729 | D:11     | Found a staircase to the Lair.
 11772 | Lair:1   | Entered Level 1 of the Lair of Beasts
 12162 | Lair:1   | Reached XP level 12. HP: 74/110 MP: 17/17
 12524 | Lair:1   | Noticed an eight-headed hydra
 12575 | Lair:1   | Killed an eight-headed hydra
 12984 | Lair:1   | Found the +7 staff of the Meek {protect, meekguard}
 13448 | Lair:2   | Noticed a catoblepas
 13463 | Lair:2   | Killed a catoblepas
 14174 | Lair:2   | Reached ****** piety under Cheibriados
 14761 | Lair:3   | Reached skill level 5 in Shields
 14896 | Lair:3   | Found a hole to the Spider Nest.
 14981 | Lair:3   | Gained mutation: You can use your snake-like lower body to
                  | constrict enemies. [Naga growth]
 14981 | Lair:3   | Reached XP level 13. HP: 120/120 MP: 8/19
 15210 | Lair:3   | Found a staircase to the Shoals.
 16363 | Lair:4   | Noticed Kirke
 16378 | Lair:4   | Reached skill level 15 in Maces & Flails
 16379 | Lair:4   | Killed Kirke
 16578 | Lair:4   | Reached skill level 10 in Invocations
 17641 | Orc:1    | Entered Level 1 of the Orcish Mines
 17818 | Orc:2    | Entered Level 2 of the Orcish Mines
 17885 | D:8      | Learned a level 3 spell: Ozocubu's Armour
 17929 | D:8      | Reached skill level 10 in Translocations
 18097 | D:9      | Reached XP level 14. HP: 130/130 MP: 5/21
 18106 | D:9      | Killed mkat's ghost
 18371 | D:11     | Reached skill level 10 in Fighting
 18551 | D:11     | Identified the +4 ring mail of the Freezing God {Rampage}
 19069 | D:11     | Identified 2 scrolls of acquirement
 19071 | D:11     | Acquired the +0 barding of Generosity {rElec}
 19247 | Orc:2    | Reached skill level 1 in Armour
 20275 | Orc:2    | Found a staircase to the Elven Halls.
 20679 | Orc:2    | Noticed an orc warlord
 20703 | Orc:2    | Killed an orc warlord
 21324 | Orc:2    | Found Mylyx Hue's Antique Armour Boutique.
 21325 | Orc:2    | Found Miba's Antique Weapon Boutique.
 21327 | Orc:2    | Found Reimiocw's General Store.
 21327 | Orc:2    | Found Qiclewiy's Jewellery Shop.
 21344 | Orc:2    | Bought the ring of Visunlyo {rElec rF++ rC+ rN+ Dex-2} for
                  | 868 gold pieces
 21689 | Lair:5   | Entered Level 5 of the Lair of Beasts
 22164 | Lair:5   | Found a staircase to the Slime Pits.
 22166 | Lair:5   | Found a viscous altar of Jiyva.
 22297 | Lair:5   | Reached XP level 15. HP: 93/141 MP: 6/23
 23440 | Lair:5   | Found a large runed translucent door.
 23501 | Lair:5   | Found a large runed translucent door.
 24576 | D:12     | Found a runed translucent door.
 24577 | D:12     | Noticed Melum's ghost (journeyman DjHW)
 24616 | D:12     | Killed Melum's ghost
 25349 | D:13     | You fall into a shaft and drop 2 floors!
 25349 | D:15     | Entered Level 15 of the Dungeon
 25815 | D:14     | Noticed Agnes
 25868 | D:14     | Killed Agnes
 26558 | D:9      | Got Sif Muna's Codex of the Cooper
 26560 | D:9      | Got Sif Muna's Parchment of Hail
 26563 | D:9      | Got Sif Muna's Secrets of Fire
 27068 | D:13     | Identified the +0 robe "Qasuaph" {Dex+4}
 27815 | D:14     | Found a gate to the Vaults.
 27970 | D:15     | Reached XP level 16. HP: 151/152 MP: 17/25
 28291 | D:15     | Found a staircase to the Depths.
 29227 | Shoals:1 | Entered Level 1 of the Shoals
 29591 | Shoals:1 | Noticed a kraken
 29624 | Shoals:1 | Killed a kraken
 29807 | Shoals:1 | Found Fdificw's Fabulous Fripperies.
 29807 | Shoals:1 | Noticed Mlioglotl
 29829 | Shoals:1 | Noticed a shadow dragon
 29832 | Shoals:1 | Killed Mlioglotl
 29851 | Shoals:1 | Noticed Roxanne
 30010 | Shoals:1 | Killed Roxanne
 30120 | Shoals:1 | Reached skill level 5 in Spellcasting
 30757 | Shoals:2 | Identified the serpent talisman "Rifitoum" {Dex+2}
 30757 | Shoals:2 | Noticed Aizul
 30770 | Shoals:1 | Killed Aizul
 31309 | Shoals:2 | Noticed Polyphemus
 31877 | Shoals:2 | Identified the +0 robe "Irryalug" {rC+}
 32195 | Shoals:2 | Reached skill level 10 in Shields
 32212 | Shoals:2 | Acquired the ring "Zustaischa" {rF+ MP+9 Int+2 Dex+3 SInv}
 32240 | Shoals:2 | Reached XP level 17. HP: 142/162 MP: 10/27
 32550 | Shoals:2 | Killed Polyphemus
 32810 | Shoals:2 | Found Humueqe's One-of-a-Kind Rings.
 33907 | Shoals:3 | Acquired a +5 eveningstar of draining
 34300 | Shoals:4 | Entered Level 4 of the Shoals
 34622 | Shoals:4 | Identified the +3 hand cannon of Doom {freeze, rPois rC-
                  | rN+++ Will- Str+2}
 35118 | Shoals:4 | Got a barnacled rune of Zot
 36174 | Shoals:4 | Identified the staff of the Lumpy Nightcaps {rPois Dex+2
                  | Earth}
 37319 | Spider:1 | Entered Level 1 of the Spider Nest
 37350 | Spider:1 | Reached skill level 1 in Throwing
 37420 | Spider:1 | Reached XP level 18. HP: 147/172 MP: 9/28
 39185 | Spider:2 | Reached skill level 1 in Shapeshifting
 40096 | Spider:3 | Noticed Arachne
 40131 | Spider:3 | Killed Arachne
 40167 | Spider:3 | Found a glacial archway.
 40278 | IceCv    | Entered an ice cave
 40494 | IceCv    | Reached XP level 19. HP: 183/183 MP: 29/29
 41243 | IceCv    | Noticed an Ice Fiend
 41251 | IceCv    | Killed an Ice Fiend
 41252 | IceCv    | Reached skill level 5 in Throwing
 41259 | IceCv    | Identified the +5 ice dragon scales of the Cobbler {rF-
                  | rC++ Regen+ Dex+7 SInv}
 41260 | IceCv    | Reached XP level 20. HP: 192/192 MP: 30/30
 41595 | Spider:3 | Noticed Louise
 41600 | Spider:3 | Killed Louise
 42215 | Spider:4 | Entered Level 4 of the Spider Nest
 42975 | Spider:4 | Reached XP level 21. HP: 198/200 MP: 14/32
 43215 | Spider:4 | Reached skill level 15 in Fighting
 44078 | Spider:4 | Got a gossamer rune of Zot
 44673 | Elf:1    | Entered Level 1 of the Elven Halls
 45048 | Shoals:1 | Bought a manual of Fighting for 1600 gold pieces
 45425 | Elf:1    | Reached skill level 15 in Invocations
 45535 | Elf:1    | Paralysed by an air elemental for 1 turns
 45727 | Elf:1    | Found Moekuam's Antique Weapon Shop.
 45884 | Elf:1    | Found Rauq's Antique Weapon Shoppe.
 46025 | Elf:1    | Got Zipsa Fast's Almanac of the Caves
 46120 | Elf:1    | Paralysed by an air elemental for 1 turns
 46362 | Elf:1    | Found Pirestic's Armour Emporium.
 46387 | Abyss:4  | Found a corrupted altar of Lugonu.
 46387 | Abyss:4  | Cast into level 4 of the Abyss (a deep elf sorcerer)
 46445 | Abyss:4  | Found a corrupted altar of Lugonu.
 46812 | Elf:1    | Escaped the Abyss
 47193 | Elf:1    | Found Irautyaph's Armour Emporium.
 47235 | Elf:1    | Paralysed by an air elemental for 1 turns
 48207 | Elf:2    | Noticed Azrael
 48217 | Elf:2    | Killed Azrael
 48465 | Elf:2    | Found a runed translucent gate.
 48465 | Elf:2    | Found a runed translucent gate.
 48465 | Elf:2    | Found a runed translucent gate.
 48577 | Elf:2    | Reached skill level 5 in Shapeshifting
 48729 | Elf:2    | Reached XP level 22. HP: 195/212 MP: 25/33
 49333 | Elf:3    | Entered Level 3 of the Elven Halls
 49364 | Elf:3    | Noticed Nikola
 49364 | Elf:3    | Found Rep Xany's Assorted Antiques.
 49370 | Elf:3    | Killed Nikola
 49546 | Elf:3    | Found Zuttoit's Jewellery Shoppe.
 49613 | Elf:3    | Noticed Donald
 49622 | Elf:3    | Killed Donald
 49827 | Elf:3    | Found Udotutiry's General Store.
 49840 | Elf:3    | Found Xuofri Ocka's Antique Weapon Boutique.
 49969 | Elf:3    | Identified the amulet of Giklekk {Reflect rPois rN+ Str+3
                  | SH+5}
 50286 | Elf:3    | Reached skill level 5 in Dodging
 50307 | Elf:3    | Identified the amulet of Otwynahiph {Spirit ^Contam rCorr
                  | Int+3}
 50623 | Elf:3    | Reached skill level 5 in Armour
 50908 | Elf:3    | Identified the staff "Demon's Funeral" {^Contam Fly rF+
                  | Int+9 Fire}
 50974 | Elf:3    | Identified the +9 falchion of the Crafting Gods {drain,
                  | Will++}
 50974 | Elf:3    | Identified the +0 robe of the Original Sin {^Drain rC++
                  | rN++}
 51087 | Elf:3    | Identified the +2 tower shield of Honour {rC- Str+6 Stlth+}
 51105 | Elf:3    | Identified the staff of Extremism {rPois Str+4 Earth}
 51167 | Elf:3    | Noticed Boris
 51177 | Elf:3    | Killed Boris
 51178 | Elf:3    | Reached skill level 10 in Throwing
 51314 | Elf:3    | Got the Secrets of the Wayfarer
 51324 | Elf:3    | Identified the +2 scale mail "Weufiuna" {Fly}
 52206 | Vaults:1 | Entered Level 1 of the Vaults
 52206 | Vaults:1 | Noticed Norris
 52215 | Vaults:1 | Killed Norris
 52377 | Vaults:1 | Reached skill level 1 in Ice Magic
 52377 | Vaults:1 | Reached skill level 1 in Evocations
 52527 | Vaults:1 | Identified the +6 demon blade "Pextoi" {heavy, *Corrode
                  | rPois Str+9}
 52574 | Vaults:1 | Reached XP level 23. HP: 202/224 MP: 30/34
 52691 | Vaults:1 | Noticed Asterion
 52692 | Vaults:1 | Killed Asterion
 53000 | Vaults:1 | Found Awump's Magic Scroll Shop.
 53008 | Vaults:1 | Bought a scroll of fog for 60 gold pieces
 53008 | Vaults:1 | Bought a scroll of enchant weapon for 112 gold pieces
 53745 | Vaults:1 | Noticed Zenata
 53755 | Vaults:1 | Killed Zenata
 55233 | Vaults:2 | Found the +5 glaive of the Guard {elec, spectral}
 56691 | Vaults:3 | Found a staircase to the Crypt.
 57143 | Vaults:3 | You fall into a shaft and drop 1 floor!
 57155 | Vaults:4 | Found Woenoe's Weapon Boutique.
 57259 | Vaults:4 | Identified the +5 hand axe "Undertaker" {pain, ^Drain rPois
                  | rCorr MP+9}
 57265 | Vaults:4 | Reached XP level 24. HP: 225/236 MP: 31/34
 57522 | Vaults:4 | Identified the staff "Sijitz" {rElec Will++ Air Earth}
 58285 | Vaults:4 | Reached skill level 5 in Evocations
 59088 | Depths:1 | Entered Level 1 of the Depths
 59202 | Depths:1 | Found a one-way gateway to a ziggurat.
 59434 | Depths:1 | Found a gateway to Hell.
 59495 | Depths:1 | Found a white marble altar of Elyvilon.
 60931 | Depths:2 | Found a one-way gate leading to the halls of Pandemonium.
 61233 | Depths:2 | Noticed Boris
 61240 | Depths:2 | Killed Boris
 62095 | Depths:2 | Found a one-way gate to the infinite horrors of the Abyss.
 62344 | Depths:3 | Reached skill level 10 in Stealth
 62372 | Depths:3 | Reached XP level 25. HP: 224/247 MP: 3/35
 62520 | Depths:3 | Noticed a juggernaut
 62531 | Depths:3 | Killed a juggernaut
 62766 | Depths:3 | Noticed a juggernaut
 62776 | Depths:3 | Killed a juggernaut
 62907 | Depths:3 | Noticed a juggernaut
 62916 | Depths:3 | Killed a juggernaut
 62935 | Depths:3 | Noticed a juggernaut
 62940 | Depths:3 | Killed a juggernaut
 64088 | Depths:3 | Found a shimmering blue altar of Sif Muna.
 64092 | Depths:3 | Got the Spellbook of Coordinates and Gloom
 64298 | Depths:3 | Found a shimmering altar of Xom.
 64440 | Depths:4 | Entered Level 4 of the Depths
 64999 | Depths:4 | Found a gate to the Realm of Zot.
 65121 | Depths:4 | Found Bikkymmo's Book Shop.
 65506 | Depths:4 | Found Yrchom's Assorted Antiques.
 65512 | Depths:4 | Bought a scroll of enchant weapon for 277 gold pieces
 66363 | Vaults:5 | Entered Level 5 of the Vaults
 66368 | Vaults:5 | Reached skill level 10 in Shapeshifting
 66368 | Vaults:5 | Noticed Mara
 66369 | Vaults:5 | Noticed a dread lich
 66522 | Vaults:5 | Reached XP level 26. HP: 257/259 MP: 31/35
 66523 | Vaults:5 | Killed a dread lich
 66526 | Vaults:5 | Noticed an ancient lich
 66629 | Vaults:5 | Noticed an ancient lich
 66631 | Vaults:5 | Noticed a dread lich
 66631 | Vaults:5 | Noticed an ancient lich
 66632 | Vaults:5 | Noticed an ancient lich
 66632 | Vaults:5 | Killed an ancient lich
 66640 | Vaults:5 | Killed an ancient lich
 66642 | Vaults:5 | Noticed raguz's illusion
 66642 | Vaults:5 | Killed a dread lich
 66642 | Vaults:5 | Killed an ancient lich
 66643 | Vaults:5 | Killed an ancient lich
 66650 | Vaults:4 | Reached skill level 15 in Shields
 66882 | Vaults:5 | Killed Mara
 67968 | Vaults:5 | Identified the +1 pair of boots of Past Mistakes {rC+ Will+
                  | Str-2}
 67969 | Vaults:5 | Identified the +0 broad axe "Kawon" {heavy, rElec}
 68007 | Vaults:5 | Identified the +3 great sword "Arphicvot" {antimagic, rC+
                  | rCorr Int+4}
 68038 | Vaults:5 | Identified the ring "Guloo" {*Corrode rElec rF+ Int+3}
 68148 | Vaults:5 | Found the +2 hat of the Bear Spirit {Spirit, Bear, *Rage
                  | Will++}
 68158 | Vaults:5 | Identified the -2 pair of gloves of Beibargh {rPois}
 68200 | Vaults:5 | Identified the amulet of Awe {Acrobat Will+ Int-4 Slay+2}
 68324 | Vaults:5 | Noticed a dread lich
 68328 | Vaults:5 | Killed a dread lich
 68529 | Vaults:5 | Reached skill level 10 in Armour
 68530 | Vaults:5 | Identified the +8 flail of Glory {protect, rPois}
 68530 | Vaults:5 | Identified the +3 orcbow "Murmur" {elec, Str+2}
 68655 | Vaults:5 | Identified the +1 flail "Tattletale" {speed, rElec}
 68657 | Vaults:5 | Got a silver rune of Zot
 69393 | Crypt:1  | Entered Level 1 of the Crypt
 69953 | Crypt:1  | Reached XP level 27. HP: 263/270 MP: 32/35
 71354 | Crypt:2  | Noticed Boris
 71359 | Crypt:2  | Killed Boris
 71985 | Crypt:3  | Entered Level 3 of the Crypt
 72474 | Crypt:3  | Found a basalt altar of Yredelemnul.
 72522 | Crypt:3  | Noticed a dread lich
 72525 | Crypt:3  | Killed a dread lich
 72648 | Crypt:3  | Identified the staff of Nipnodgh {^Fragile rC+ rN+ SInv
                  | Necro}
 73828 | Crypt:3  | Found a staircase to the Tomb.
 74300 | Zot:1    | Entered Level 1 of the Realm of Zot
 75078 | Zot:1    | Noticed an orb of fire
 75099 | Zot:1    | Gained mutation: You occasionally lose the ability to drink
                  | potions when taking damage. [an orb of fire]
 75100 | Zot:1    | Killed an orb of fire
 75988 | Zot:1    | Identified the +6 trident of the Ferocious God {pain, Will+
                  | Str+3}
 76356 | Zot:1    | Reached skill level 10 in Spellcasting
 76712 | Zot:2    | Noticed an ancient lich
 76715 | Zot:2    | Killed an ancient lich
 78019 | Zot:2    | Noticed a dread lich
 78024 | Zot:2    | Killed a dread lich
 78625 | Zot:3    | Reached skill level 27 in Maces & Flails
 78736 | Zot:3    | Reached skill level 5 in Ice Magic
 79798 | Zot:3    | Identified the ring of Radiq {*Corrode Fly rC+ rN+ Will++}
 79802 | Zot:3    | Identified the ring of Iros {Fly rPois rCorr MP-9 Int+2}
 80042 | Zot:3    | Got the Spellbook of Fluctuating Darkness
 80458 | Zot:3    | Reached skill level 10 in Dodging
 81049 | Zot:4    | Identified the +0 rapier of Obiter Dictum {protect, Will+
                  | Int+3}
 81112 | Zot:4    | Acquired 800 gold pieces
 81746 | Zot:5    | Entered Level 5 of the Realm of Zot
 81976 | Zot:5    | Noticed an orb of fire
 81994 | Zot:5    | Killed an orb of fire
 82717 | Zot:5    | Noticed an orb of fire
 82717 | Zot:5    | Gained mutation: You are frail. (-10% HP) [an orb of fire]
 82718 | Zot:5    | Noticed an orb of fire
 82720 | Zot:5    | Noticed an orb of fire
 82721 | Zot:5    | Killed an orb of fire
 82728 | Zot:5    | Killed an orb of fire
 82730 | Zot:5    | Gained mutation: Your magical capacity is low. (-10% MP)
                  | [an orb of fire]
 82731 | Zot:5    | Killed an orb of fire
 83180 | Zot:5    | Noticed an orb of fire
 83183 | Zot:5    | Noticed an orb of fire
 83184 | Zot:5    | Noticed an orb of fire
 83189 | Zot:5    | Noticed an orb of fire
 83191 | Zot:5    | Noticed an orb of fire
 83192 | Zot:5    | Killed an orb of fire
 83192 | Zot:5    | Noticed an orb of fire
 83193 | Zot:5    | Reached skill level 10 in Ice Magic
 83611 | Zot:5    | Gained mutation: Your spells are a little harder to cast,
                  | but a little more powerful. [an orb of fire]
 83618 | Zot:5    | Gained mutation: Your body sometimes deteriorates upon
                  | taking damage. [an orb of fire]
 83622 | Zot:5    | Gained mutation: You occasionally lose the ability to read
                  | scrolls when taking damage. [an orb of fire]
 83623 | Zot:5    | Gained mutation: You sometimes lose the ability to drink
                  | potions when taking damage. [an orb of fire]
 83624 | Zot:5    | Gained mutation: Your health recovers twice as slowly from
                  | being drained. [an orb of fire]
 83626 | Zot:5    | Killed an orb of fire
 83753 | Zot:5    | Killed an orb of fire
 83804 | Zot:5    | Killed an orb of fire
 83934 | Zot:5    | Gained mutation: You are dopey. (Int -2) [an orb of fire]
 83941 | Zot:5    | Killed an orb of fire
 84150 | Zot:5    | Gained mutation: You sometimes lose the ability to read
                  | scrolls when taking damage. [an orb of fire]
 84156 | Zot:5    | Gained mutation: Your body often deteriorates upon taking
                  | damage. [an orb of fire]
 84157 | Zot:5    | Gained mutation: You do not regenerate when monsters are
                  | visible. [an orb of fire]
 84161 | Zot:5    | Killed an orb of fire
 85088 | Lair:5   | Lost mutation: You sometimes lose the ability to drink
                  | potions when taking damage. [potion of mutation]
 85088 | Lair:5   | Lost mutation: You are frail. (-10% HP) [potion of
                  | mutation]
 85088 | Lair:5   | Lost mutation: Your body often deteriorates upon taking
                  | damage. [potion of mutation]
 85088 | Lair:5   | Gained mutation: Your flesh is heat resistant. (rF+)
                  | [potion of mutation]
 85089 | Lair:5   | Lost mutation: Your spells are a little harder to cast, but
                  | a little more powerful. [potion of mutation]
 85089 | Lair:5   | Lost mutation: Your magical capacity is low. (-10% MP)
                  | [potion of mutation]
 85089 | Lair:5   | Gained mutation: You occasionally shout uncontrollably at
                  | your foes. [potion of mutation]
 85132 | Slime:1  | Entered Level 1 of the Pits of Slime
 85422 | Slime:2  | Gained mutation: Your magical capacity is low. (-10% MP) [a
                  | shining eye]
 86938 | Slime:5  | Entered Level 5 of the Pits of Slime
 87560 | Slime:5  | Noticed the Royal Jelly
 87598 | Slime:5  | Killed the Royal Jelly
 87878 | Slime:5  | Found the ring of the Hare {EV+10}
 87878 | Slime:5  | Found the +7 lajatang of Order {silver, rMut}
 87885 | Slime:5  | Identified the ring of Joy {Fire ^Drain rElec rPois}
 87891 | Slime:5  | Got a slimy rune of Zot
 87895 | Slime:5  | Identified the +6 falchion of the Quick God {freeze, rPois}
 87916 | Slime:5  | Identified the +0 ice dragon scales of the Stag {rF- rC++
                  | Dex+3}
 87917 | Slime:5  | Identified the +0 ring mail of Yklolose {*Corrode *Slow
                  | Str+2 Int+8}
 88075 | Slime:5  | Got Wug Saug's Octavo of the Bewitching Rocks
 88077 | Slime:5  | Identified the +5 short sword of Fedhas's Favour {speed,
                  | rPois Str+3 Dex+3}
 88275 | Slime:5  | Identified the +2 pair of gloves of the Kangaroo {rN+ Will-
                  | Str+3 Slay+6}
 88313 | Slime:5  | Identified the +3 ring mail of Orop {rElec Str+8 Dex-3
                  | Slay-6}
 88315 | Slime:5  | Identified the +0 plate armour of Exclusion {Str+2 Int+2}
 88726 | Lair:5   | Lost mutation: You occasionally shout uncontrollably at
                  | your foes. [potion of mutation]
 88726 | Lair:5   | Lost mutation: Your flesh is heat resistant. (rF+) [potion
                  | of mutation]
 88726 | Lair:5   | Lost mutation: You are dopey. (Int -2) [potion of mutation]
 88726 | Lair:5   | Gained mutation: You are clumsy. (Dex -2) [potion of
                  | mutation]
 88726 | Lair:5   | Gained mutation: Your tail ends in a venomous barb. [potion
                  | of mutation]
 88727 | Lair:5   | Lost mutation: Your magical capacity is low. (-10% MP)
                  | [potion of mutation]
 88727 | Lair:5   | Lost mutation: You sometimes lose the ability to read
                  | scrolls when taking damage. [potion of mutation]
 88727 | Lair:5   | Lost mutation: You are clumsy. (Dex -2) [potion of
                  | mutation]
 88727 | Lair:5   | Gained mutation: You are partially covered in iridescent
                  | scales. (AC +2) [potion of mutation]
 88727 | Lair:5   | Gained mutation: You are dopey. (Int -2) [potion of
                  | mutation]
 88727 | Lair:5   | Gained mutation: You have a somewhat thin skeletal
                  | structure. (Dex +2, Stealth+) [potion of mutation]
 88728 | Lair:5   | Lost mutation: You occasionally lose the ability to drink
                  | potions when taking damage. [potion of mutation]
 88728 | Lair:5   | Lost mutation: You do not regenerate when monsters are
                  | visible. [potion of mutation]
 88728 | Lair:5   | Lost mutation: You are partially covered in iridescent
                  | scales. (AC +2) [potion of mutation]
 88728 | Lair:5   | Lost mutation: You have a somewhat thin skeletal structure.
                  | (Dex +2, Stealth+) [potion of mutation]
 88728 | Lair:5   | Gained mutation: You can exhale a cloud of poison. [potion
                  | of mutation]
 89019 | Elf:3    | Bought a potion of enlightenment for 80 gold pieces
 89019 | Elf:3    | Bought a wand of light (2) for 134 gold pieces
 89019 | Elf:3    | Bought 2 potions of might for 128 gold pieces
 89019 | Elf:3    | Bought a wand of iceblast (5) for 192 gold pieces
 89060 | Elf:3    | Bought 3 scrolls of teleportation for 225 gold pieces
 89060 | Elf:3    | Bought a scroll of blinking for 187 gold pieces
 89060 | Elf:3    | Bought a scroll of blinking for 187 gold pieces
 89060 | Elf:3    | Bought a wand of flame (4) for 70 gold pieces
 89169 | Orc:2    | Bought a wand of light (5) for 315 gold pieces
 89188 | Orc:2    | Learned a level 7 spell: Ozocubu's Refrigeration
 89198 | Orc:2    | Learned a level 9 spell: Polar Vortex
 89198 | Orc:2    | Lost mutation: You are dopey. (Int -2) [potion of mutation]
 89198 | Orc:2    | Lost mutation: Your body sometimes deteriorates upon taking
                  | damage. [potion of mutation]
 89198 | Orc:2    | Lost mutation: Your health recovers twice as slowly from
                  | being drained. [potion of mutation]
 89198 | Orc:2    | Gained mutation: Your tail ends in a sharp venomous barb.
                  | [potion of mutation]
 89198 | Orc:2    | Gained mutation: You are agile. (Dex +4, Str/Int -1)
                  | [potion of mutation]
 89198 | Orc:2    | Gained mutation: You are very agile. (Dex +8, Str/Int -2)
                  | [potion of mutation]
 90111 | Depths:2 | Voluntarily entered the Abyss.
 90113 | Abyss:4  | Found a corrupted altar of Lugonu.
 90136 | Abyss:4  | Found a corrupted altar of Lugonu.
 90234 | Abyss:5  | Got an abyssal rune of Zot
 90260 | Depths:2 | Escaped the Abyss
 91059 | Pan      | Entered Pandemonium
 91462 | Pan      | Found a runed translucent door.
 91550 | Pan      | Noticed Vefie the pandemonium lord
 91558 | Pan      | Killed Vefie the pandemonium lord
 91558 | Pan      | Gained mutation: You do not regenerate when monsters are
                  | visible. [a cacodemon]
 91660 | Pan      | Identified the +0 robe "Gogap" {Regen+}
 91836 | Pan      | Reached skill level 15 in Shapeshifting
 92061 | Pan      | Identified the +3 morningstar of Focus {spect, rF+ rCorr
                  | Dex+5}
 92061 | Pan      | Noticed Syzosum the pandemonium lord
 92067 | Pan      | Killed Syzosum the pandemonium lord
 92329 | Pan      | Lost mutation: You are very agile. (Dex +8, Str/Int -2) [a
                  | neqoxec]
 92779 | Pan      | Noticed Qarph the pandemonium lord
 92788 | Pan      | Killed Qarph the pandemonium lord
 93031 | Pan      | Got a demonic rune of Zot
 93368 | Pan      | Gained mutation: You are dopey. (Int -2) [a cacodemon]
 93525 | Pan      | Gained mutation: You have sharp fingernails. [a neqoxec]
 94393 | Pan      | Identified the blade talisman of Noughts and Crosses {rElec
                  | rPois rN++ Stlth-}
 94458 | Pan      | Noticed Favehawn the pandemonium lord
 94462 | Pan      | Killed Favehawn the pandemonium lord
 94587 | Pan      | Found an exit through the horrors of the Abyss.
 94825 | Pan      | Gained mutation: Your body sometimes deteriorates upon
                  | taking damage. [a neqoxec]
 94929 | Pan      | Found a transporter.
 95003 | Pan      | Identified the +3 battleaxe "Zuehevon" {antimagic, rN+
                  | Dex+3}
 95041 | Pan      | Found a transporter.
 95055 | Pan      | Reached skill level 15 in Ice Magic
 95070 | Pan      | Gained mutation: You sometimes lose your temper in combat.
                  | [a cacodemon]
 95077 | Pan      | Gained mutation: You are weak. (Str -2) [a neqoxec]
 95218 | Pan      | Identified the +2 pair of gloves of the Gate {-Tele rF-
                  | Regen+ Stlth+}
 95219 | Pan      | Identified the ring of Vehumet's Reproof {rC+ rN+ Will-
                  | Dex+6}
 95224 | Pan      | Identified the +6 quarterstaff of Orhoker {flame, Will+}
 95271 | Pan      | Identified the +1 broad axe of Gozag's Whim {antimagic, rF+
                  | rC+ Str-4}
 95288 | Pan      | Lost mutation: You occasionally lose the ability to read
                  | scrolls when taking damage. [potion of mutation]
 95288 | Pan      | Lost mutation: You sometimes lose your temper in combat.
                  | [potion of mutation]
 95288 | Pan      | Lost mutation: Your body sometimes deteriorates upon taking
                  | damage. [potion of mutation]
 95288 | Pan      | Lost mutation: You have sharp fingernails. [potion of
                  | mutation]
 95741 | Pan      | Entered the realm of Mnoleg.
 95969 | Pan      | Gained mutation: You are occasionally teleported next to
                  | monsters. [a cacodemon]
 95989 | Pan      | Noticed Mnoleg
 95997 | Pan      | Gained mutation: Your spells are a little easier to cast,
                  | but a little less powerful. [a shining eye]
 96006 | Pan      | Killed Mnoleg
 96031 | Pan      | Gained mutation: Your body sometimes deteriorates upon
                  | taking damage. [a cacodemon]
 96065 | Pan      | Gained mutation: You are very dopey. (Int -4) [a shining
                  | eye]
 96068 | Pan      | Gained mutation: You sometimes lose your temper in combat.
                  | [a shining eye]
 96072 | Pan      | Got a glowing rune of Zot
 96159 | Pan      | Lost mutation: Your body sometimes deteriorates upon taking
                  | damage. [potion of mutation]
 96159 | Pan      | Lost mutation: You are agile. (Dex +4, Str/Int -1) [potion
                  | of mutation]
 96159 | Pan      | Gained mutation: You are strong-willed. (Will+) [potion of
                  | mutation]
 96160 | Pan      | Lost mutation: You are strong-willed. (Will+) [potion of
                  | mutation]
 96160 | Pan      | Lost mutation: You can exhale a cloud of poison. [potion of
                  | mutation]
 96160 | Pan      | Lost mutation: You sometimes lose your temper in combat.
                  | [potion of mutation]
 96160 | Pan      | Lost mutation: Your tail ends in a sharp venomous barb.
                  | [potion of mutation]
 96160 | Pan      | Lost mutation: You are very dopey. (Int -4) [potion of
                  | mutation]
 96160 | Pan      | Lost mutation: Your spells are a little easier to cast, but
                  | a little less powerful. [potion of mutation]
 96160 | Pan      | Gained mutation: You are robust. (+10% HP) [potion of
                  | mutation]
 96161 | Pan      | Lost mutation: You do not regenerate when monsters are
                  | visible. [potion of mutation]
 96161 | Pan      | Lost mutation: You are dopey. (Int -2) [potion of mutation]
 96161 | Pan      | Gained mutation: You are very weak. (Str -4) [potion of
                  | mutation]
 96813 | Pan      | Gained mutation: Your health recovers twice as slowly from
                  | being drained. [a neqoxec]
 97136 | Pan      | Found an exit through the horrors of the Abyss.
 97441 | Pan      | Lost mutation: Your health recovers twice as slowly from
                  | being drained. [potion of mutation]
 97441 | Pan      | Lost mutation: You are occasionally teleported next to
                  | monsters. [potion of mutation]
 97441 | Pan      | Lost mutation: You are very weak. (Str -4) [potion of
                  | mutation]
 97441 | Pan      | Lost mutation: You are weak. (Str -2) [potion of mutation]
 97524 | Pan      | Noticed Goliad the pandemonium lord
 97531 | Pan      | Killed Goliad the pandemonium lord
 98042 | Pan      | Found an exit through the horrors of the Abyss.
 98609 | Pan      | Entered the realm of Lom Lobon.
 98628 | Pan      | Noticed Lom Lobon
 98639 | Pan      | Killed Lom Lobon
 98668 | Pan      | Got a magical rune of Zot
 99400 | Pan      | Found an exit through the horrors of the Abyss.
 99931 | Pan      | Reached skill level 15 in Spellcasting
101002 | Pan      | Noticed Ynkuenka the pandemonium lord
101006 | Pan      | Killed Ynkuenka the pandemonium lord
101082 | Pan      | Reached skill level 27 in Fighting
101457 | Pan      | Found an exit through the horrors of the Abyss.
101872 | Pan      | Gained mutation: Your magical capacity is low. (-10% MP) [a
                  | neqoxec]
101989 | Depths:2 | Escaped Pandemonium
101997 | Pan      | Entered Pandemonium
103009 | Pan      | Entered the realm of Cerebov.
103017 | Pan      | Identified the staff of Qum Carr {Int+4 Conj Air}
103024 | Pan      | Identified the ring "Viseih" {rN+ Int+3}
103027 | Pan      | Identified the ring "Vashaam" {MP+9 Str+3 Slay+3 Stlth+}
103063 | Pan      | Identified the +10 plate armour of Wu Jian, Screaming
                  | {rElec rC+ Dex+2}
103075 | Pan      | Found the +6 sword of Cerebov {flame}
103075 | Pan      | Noticed Cerebov
103084 | Pan      | HP: 18/425 [Cerebov/the +6 sword of Cerebov {flame} (4)]
103483 | Pan      | Killed Cerebov
103866 | Pan      | Identified the +7 dagger "Efeff" {pain, Fly Int+6}
103873 | Pan      | Identified the +3 leather armour "Uckuo" {Dex+3}
103886 | Pan      | Identified the +8 flail "Xiyrhis" {antimagic, rCorr}
103946 | Pan      | Identified the amulet "Xoriem" {Acrobat Will+ Int+4 SInv}
103948 | Pan      | Identified the ring "Fihetut" {Fire rElec Will- Str+2
                  | Dex+4}
103955 | Pan      | Identified the staff of the Summoning Tiger {rF+ rN+ Str+2
                  | Int-4 Necro}
103964 | Pan      | Identified the staff "Beastbane" {Dex+4 Conj Earth}
103966 | Pan      | Acquired the Incunabulum of the Puissant Traveller
104315 | Pan      | Found an exit through the horrors of the Abyss.
105311 | Pan      | Got a fiery rune of Zot
105512 | Pan      | Entered the realm of Gloorx Vloq.
105512 | Pan      | Noticed Gloorx Vloq
105520 | Pan      | Killed Gloorx Vloq
105550 | Pan      | Got a dark rune of Zot
106570 | Pan      | Found an exit through the horrors of the Abyss.
106902 | Pan      | Noticed Giudicheamp the pandemonium lord
106904 | Pan      | Killed Giudicheamp the pandemonium lord
107381 | Depths:2 | Escaped Pandemonium
107395 | Hell     | Entered the Vestibule of Hell
107395 | Hell     | Noticed Geryon
107402 | Hell     | Killed Geryon
107774 | Hell     | Found a gateway to the Iron City of Dis.
107806 | Hell     | Found a gateway to the freezing wastes of Cocytus.
107869 | Hell     | Found a gateway to the decaying netherworld of Tartarus.
107999 | Hell     | Found a gateway to the ashen valley of Gehenna.
108200 | Dis:1    | Entered Level 1 of the Iron City of Dis
109164 | Dis:3    | Noticed a dread lich
109167 | Dis:3    | Killed a dread lich
109177 | Dis:3    | Noticed a juggernaut
109184 | Dis:3    | Killed a juggernaut
109263 | Dis:3    | Noticed a dread lich
109263 | Dis:3    | Noticed a juggernaut
109266 | Dis:3    | Killed a juggernaut
109268 | Dis:3    | Killed a dread lich
109454 | Dis:3    | Noticed a dread lich
109459 | Dis:3    | Killed a dread lich
109641 | Dis:4    | You fall into a shaft and drop 2 floors!
109758 | Dis:7    | Entered Level 7 of the Iron City of Dis
111685 | Dis:7    | Learned a level 8 spell: Disjunction
111737 | Dis:7    | Identified the +7 spear "Cozomia" {freeze, rCorr}
111930 | Dis:7    | Identified the +0 ice dragon scales of Ignis's Regard {rF-
                  | rC++ rN+ Int+5 Dex+3}
111957 | Dis:7    | Identified the +2 flail of Vufasiah {drain, rC+ rCorr}
112122 | Dis:7    | Noticed Dispater
112140 | Dis:7    | Killed Dispater
112243 | Dis:7    | Identified the +2 plate armour of Compression {Dex+3}
112293 | Dis:7    | Got an iron rune of Zot
112645 | Coc:1    | Entered Level 1 of Cocytus
112738 | Coc:1    | You fall into a shaft and drop 1 floor!
114183 | Coc:7    | Entered Level 7 of Cocytus
114198 | Coc:7    | Paralysed by a wendigo for 1 turns
114202 | Coc:7    | Paralysed by a wendigo for 1 turns
114314 | Coc:7    | Paralysed by a wendigo for 1 turns
114931 | Coc:7    | Paralysed by a wendigo for 1 turns
114957 | Coc:7    | Reached skill level 27 in Shields
115097 | Coc:7    | Noticed an ancient lich
115101 | Coc:7    | Killed an ancient lich
115275 | Coc:7    | Identified the ring of Inualu {+Blink rCorr Int+5 SInv
                  | Stlth-}
115275 | Coc:7    | Noticed Antaeus
115298 | Coc:7    | Killed Antaeus
115516 | Coc:7    | Got an icy rune of Zot
115585 | Coc:7    | Got the Anthology of the Productive Tundra
115614 | Coc:7    | Identified the +7 hand axe "Arygepneo" {flame, rF+ rN+
                  | Stlth-}
116006 | Geh:1    | Entered Level 1 of Gehenna
117581 | Geh:5    | Noticed a dread lich
117584 | Geh:5    | Killed a dread lich
118115 | Geh:7    | Entered Level 7 of Gehenna
118719 | Geh:7    | Identified the ring of Cestikik {+Blink rN+ Slay+2}
118721 | Geh:7    | Identified the ring of Ydacsae {Int+6 Slay+5}
119263 | Geh:7    | Found the +3 greatsling "Punk" {acid, rCorr}
119345 | Geh:7    | Identified the staff of Light {rF+ Str+6 Dex+5 Fire}
119365 | Geh:7    | Reached skill level 15 in Throwing
119429 | Geh:7    | Found the +13 sceptre of Asmodeus
119429 | Geh:7    | Noticed Asmodeus
119441 | Geh:7    | Killed Asmodeus
119528 | Geh:7    | Got an obsidian rune of Zot
119552 | Geh:7    | Identified the +8 dagger "Igainemol" {holy, Str+5 Int+2}
120114 | Tar:1    | Entered Level 1 of Tartarus
121785 | Tar:7    | Entered Level 7 of Tartarus
122182 | Tar:7    | Noticed a dread lich
122191 | Tar:7    | Killed a dread lich
122829 | Tar:7    | Identified the ring "Goby" {Str+6 Int+3}
122870 | Tar:7    | Identified the +5 halberd of Wil Ateju {spect, rN+ Int+4}
122982 | Tar:7    | Noticed an ancient lich
122984 | Tar:7    | Noticed an ancient lich
122990 | Tar:7    | Killed an ancient lich
122998 | Tar:7    | Killed an ancient lich
123034 | Tar:7    | Identified the +4 ring mail of Inquiry {Rampage}
123193 | Tar:7    | Noticed the Serpent of Hell
123209 | Tar:7    | Noticed Ereshkigal
123210 | Tar:7    | Killed the Serpent of Hell
123229 | Tar:7    | Paralysed by Ereshkigal for 5 turns
123406 | Tar:7    | Killed Ereshkigal
123710 | Tar:7    | Got a bone rune of Zot
123993 | Tar:7    | Noticed an ancient lich
123995 | Tar:7    | Noticed an ancient lich
124000 | Tar:7    | Killed an ancient lich
124006 | Tar:7    | Killed an ancient lich
124700 | Shoals:1 | Bought a manual of Fire Magic for 1600 gold pieces
124704 | Shoals:1 | Learned a level 3 spell: Fugue of the Fallen
125360 | Tomb:1   | Entered Level 1 of the Tomb of the Ancients
125660 | Tomb:1   | Reached skill level 1 in Necromancy
125846 | Tomb:1   | Noticed a royal mummy
125854 | Tomb:1   | Killed a royal mummy
125902 | Tomb:1   | Noticed a royal mummy
125946 | Tomb:1   | Identified the +0 ice dragon scales of the Cartwright {rF-
                  | rC++ Int+4 Dex+4}
125958 | Tomb:1   | Killed a royal mummy
126101 | Tomb:1   | Noticed a royal mummy
126110 | Tomb:1   | Killed a royal mummy
126117 | Tomb:1   | Learned a level 5 spell: Borgnjor's Vile Clutch
126447 | Tomb:2   | Noticed a royal mummy
126447 | Tomb:2   | Noticed a royal mummy
126447 | Tomb:2   | Noticed a royal mummy
126450 | Tomb:2   | Noticed a royal mummy
126456 | Tomb:2   | Killed a royal mummy
126460 | Tomb:2   | Killed a royal mummy
126464 | Tomb:2   | Killed a royal mummy
126470 | Tomb:2   | Killed a royal mummy
127072 | Tomb:1   | Noticed a royal mummy
127072 | Tomb:1   | Noticed a royal mummy
127072 | Tomb:1   | Noticed a royal mummy
127072 | Tomb:1   | Noticed a royal mummy
127076 | Tomb:1   | Noticed a royal mummy
127079 | Tomb:1   | Killed a royal mummy
127081 | Tomb:1   | Killed a royal mummy
127082 | Tomb:1   | Killed a royal mummy
127084 | Tomb:1   | Killed a royal mummy
127089 | Tomb:1   | Killed a royal mummy
127247 | Tomb:1   | Noticed a royal mummy
127252 | Tomb:1   | Noticed a royal mummy
127257 | Tomb:1   | Killed a royal mummy
127262 | Tomb:1   | Killed a royal mummy
127263 | Tomb:1   | Reached skill level 27 in Ice Magic
127276 | Tomb:1   | Noticed a royal mummy
127279 | Tomb:1   | Noticed a royal mummy
127284 | Tomb:1   | Noticed a royal mummy
127287 | Tomb:1   | Killed a royal mummy
127292 | Tomb:1   | Killed a royal mummy
127303 | Tomb:1   | Killed a royal mummy
127389 | Tomb:1   | Noticed a royal mummy
127393 | Tomb:1   | Noticed a royal mummy
127398 | Tomb:1   | Killed a royal mummy
127402 | Tomb:1   | Noticed a royal mummy
127402 | Tomb:1   | Noticed a royal mummy
127407 | Tomb:1   | Killed a royal mummy
127413 | Tomb:1   | Noticed a royal mummy
127415 | Tomb:1   | Killed a royal mummy
127417 | Tomb:1   | Noticed a royal mummy
127424 | Tomb:1   | Killed a royal mummy
127426 | Tomb:1   | Noticed a royal mummy
127431 | Tomb:1   | Killed a royal mummy
127437 | Tomb:1   | Killed a royal mummy
127444 | Tomb:1   | Killed a royal mummy
127445 | Tomb:1   | Reached skill level 5 in Necromancy
127870 | Tomb:2   | Reached skill level 15 in Armour
128059 | Tomb:3   | Entered Level 3 of the Tomb of the Ancients
128070 | Tomb:3   | Noticed a royal mummy
128072 | Tomb:3   | Noticed a royal mummy
128073 | Tomb:3   | Noticed a royal mummy
128080 | Tomb:3   | Noticed a royal mummy
128086 | Tomb:3   | Killed a royal mummy
128088 | Tomb:3   | Killed a royal mummy
128089 | Tomb:3   | Killed a royal mummy
128092 | Tomb:3   | Killed a royal mummy
128251 | Tomb:3   | Noticed a royal mummy
128260 | Tomb:3   | Killed a royal mummy
128304 | Tomb:3   | Noticed a royal mummy
128312 | Tomb:3   | Killed a royal mummy
128416 | Tomb:3   | Noticed a royal mummy
128427 | Tomb:3   | Killed a royal mummy
128507 | Tomb:3   | Noticed a royal mummy
128517 | Tomb:3   | Killed a royal mummy
128628 | Tomb:3   | Noticed a royal mummy
128640 | Tomb:3   | Killed a royal mummy
128687 | Tomb:3   | Identified the +5 dagger of the Gloaming {freeze, rN+
                  | Will++ MP+9 Int-2}
128689 | Tomb:3   | Identified the +6 quarterstaff of Imocutoe {venom, rN+
                  | Str+4}
128690 | Tomb:3   | Identified the amulet of Guudepra {Spirit Int+2}
128694 | Tomb:3   | Identified the staff of the Sky {Int+3 Dex+2 Earth}
128750 | Tomb:3   | Identified the +12 scimitar "Noxto" {speed, rF+ Int+2}
128753 | Tomb:3   | Identified the ring of Satisfaction {Will++ MP+9 Str+3}
128802 | Tomb:3   | Identified the +5 scale mail "Qukhlifops" {-Cast Regen+
                  | Str-5 Dex+7}
129121 | Tomb:3   | Got a golden rune of Zot
129690 | Hell     | Learned a level 9 spell: Death's Door
129699 | Hell     | Learned a level 8 spell: Borgnjor's Revivification
130050 | Zot:5    | Got the Orb of Zot
130208 | Zot:1    | Noticed Moacah Zulo the pandemonium lord
130216 | Zot:1    | Killed Moacah Zulo the pandemonium lord
130323 | Depths:4 | Noticed Jygeof the pandemonium lord
130332 | Depths:4 | Killed Jygeof the pandemonium lord
130452 | D:15     | Noticed an ancient lich
130452 | D:15     | Noticed Paidaomuogh the pandemonium lord
130598 | D:10     | Noticed Gosotargh the pandemonium lord
130600 | D:10     | Killed Gosotargh the pandemonium lord
130805 | D:1      | Noticed Uthada Anuir the pandemonium lord
130807 | D:1      | Killed Uthada Anuir the pandemonium lord
130847 | D:1      | Noticed Boris
130852 | D:1      | Killed Boris
130884 | D:$      | Escaped with the Orb!

Illustrated notes

Levels and vault maps discovered:
D:1:      mrwooster_arrival_statue, layout_loops_ring, serial_shops, shop,
          nicolae_shop_peninsula, nicolae_shop_dealshenge
D:2:      layout_loops_corners
D:3:      wander_river, layout_rooms, nicolae_kikubaaqudgha_miasma_corner,
          hellmonk_ghost_happy_afterlife, portal_sewer_entry_e,
          guppyfry_early_orc_mine
D:4:      layout_basic, mainiacjoe_overflow_paths,
          mainiacjoe_overflow_surrounded_room,
          minmay_a_box_with_orc_wizards_in_it
D:5:      layout_loops_corners, uniq_crazy_yiuf_cottage
D:6:      kennysheep_housing_project, layout_basic,
          nicolae_hepliaklqana_hazy_memory, minmay_temple_entry_enclosed_plants,
          uniq_maggie, uniq_edmund
D:7:      layout_cave_pools, uniq_menkaure
D:8:      wad_woods_minihive, layout_basic, zin_treasury,
          nicolae_gozag_zags_fifth_avenue, minmay_unpleasant_kobolds,
          uniq_joseph, uniq_grum
D:9:      layout_gridville, nicolae_sif_muna_little_library,
          general_overflow_altar, grunt_dithmenos_smoke_and_mirrors,
          lemuel_zombie_altar_yredelemnul, orc_0_dummy,
          ebering_ghost_funeral_grove, chequers_serial_rivers_micro_c,
          amcnicky_mini_rare_corridor_liquid
D:10:     layout_basic, kennysheep_mini_moat,
          mainiacjoe_overflow_six_doors_small
D:11:     layout_roguey, lair_entry_dummy
D:12:     layout_basic, ebering_ghost_inner_flame, minmay_quadrilaterals
D:13:     layout_basic
D:14:     layout_roguey, david_vaults_4, chequers_serial_rivers_small_3,
          uniq_agnes
D:15:     hangedman_depths_entry_civil_slaughter, layout_rooms,
          ebering_dispersal_statue_hall
Lair:1:   beast_lair_carwin_large_1, layout_chaotic_city,
          cheibrodos_lair_reptile_den, lemuel_fruit_fields
Lair:2:   layout_hall_layers, serial_bayou, serial_bayou_pond_c,
          serial_bayou_lagoon_a, serial_bayou_shore_b, serial_bayou_shore_b,
          minivault_26, lemuel_fruit_tree
Lair:3:   layout_hall_layers, nicolae_shoals_entry_roost,
          hellmonk_spider_entry_not_the_bees, chequers_serial_rivers_small_3,
          infiniplex_staircase_pool_2, grunt_megastairs_5
Lair:4:   layout_regular_city, serial_forest, infiniplex_forest_lined_4_way,
          infiniplex_forest_end_2, infiniplex_forest_fountain,
          infiniplex_forest_lined_1, infiniplex_forest_lined_room_3,
          infiniplex_forest_fountain, infiniplex_forest_side_room, uniq_kirke
Lair:5:   cheibrodos_lair_end_hotspot, layout_concentric_octagons,
          slime_entry_1, special_room [special_room_mythical_zoo],
          infiniplex_staircase_pool
Shoals:1: layout_shoals, nicolae_alphabet_shops, nicolae_shoals_seven_spires,
          nicolae_shoals_square_sea_wall, uniq_roxanne, uniq_mlioglotl
Shoals:2: cheibrodos_shoals_epimethial_gifts, layout_shoals,
          nicolae_shop_unique_rings, nicolae_shoals_nymph_descending_staircase,
          uniq_polyphemus, uniq_aizul
Shoals:3: layout_shoals
Shoals:4: shoals_end_grunt_ice, layout_shoals
Spider:1: layout_chambers, nicolae_spider_circle_web
Spider:2: layout_spider_delve, nicolae_spider_bzzzt
Spider:3: layout_spider_delve, portal_ice_cave_entry_frozen_things, uniq_louise,
          uniq_arachne
Spider:4: johnstein_spider_rune_arachne_lair
Slime:1:  layout_caves, nicolae_slime_getting_an_eyeful
Slime:2:  layout_caves
Slime:3:  layout_caves
Slime:4:  layout_caves
Slime:5:  slime_pit_nicolae_trefoil
Orc:1:    layout_caves, basic_altar
Orc:2:    st_orc_congregation, layout_diamond_mine
Elf:1:    layout_loops_corners, serial_shops, shop, shop,
          nicolae_shop_overgrown_old_shop, shop, kennysheep_underground_church,
          nicolae_elf_loose_elemental_storage
Elf:2:    elven_hall_of_blades_hangedman_original
          [nicolae_blade_entry_floor_patterns], layout_geoelf_grid, uniq_azrael
Elf:3:    minmay_elf_hall_four_x, layout_rooms, serial_shops,
          nicolae_shop_tiny_statue_garden, nicolae_shop_gaudy_bauble,
          shop_coins, shop, feat_on_display, uniq_donald, uniq_nikola,
          uniq_boris
Vaults:1: nicolae_vaults_cornered_office, ontoclasm_vaults_bender,
          nicolae_vaults_security_offices_2, hangedman_vaults_restitches,
          nicolae_vaults_trapezoid_2, vaults_mumra_hex, vaults_dpeg_ring,
          layout_vaults_omnigrid, serial_shops, nicolae_shop_statue_plus,
          uniq_zenata, uniq_asterion, uniq_norris
Vaults:2: vaults_room_grid, grunt_vaults_trifunnel,
          nicolae_vaults_mini_display_case, vaults_dpeg_hooks, v_misc_1,
          v_rooms_3, minmay_orc_keep, v_rooms_6,
          ontoclasm_vaults_claustrophobia, minmay_guarded_unrand_guard,
          layout_vaults_maze
Vaults:3: nicolae_vaults_more_shelving_1, nicolae_vaults_diagonal_hallway_7,
          nicolae_vaults_steering_wheel, nicolae_vaults_trapezoid_lopsided_1,
          nicolae_vaults_door_testing_chamber, minmay_crypt_entry_simple_sparse,
          nicolae_vaults_tetromino_T_2, layout_vaults_big_room
Vaults:4: v_misc_10, nicolae_vaults_stand_back, nicolae_vaults_tangram_2,
          nicolae_vaults_closet_pinwheel_1, nicolae_vaults_tetromino_Z_2,
          nicolae_vaults_two_Ls, nicolae_vaults_spaceships, vaults_room_pool,
          nicolae_vaults_mitosis, ontoclasm_vaults_idyll, nicolae_vaults_theta,
          v_pattern_5, nicolae_vaults_sealed_display,
          nicolae_vaults_apartment_1, layout_vaults_ring, serial_shops,
          nicolae_shop_peninsula, uniq_margery
Vaults:5: serial_shops, uniq_mara
Crypt:1:  nicolae_crypt_knochenhaus, layout_misc_corridors,
          grunt_crypt_arrival_split
Crypt:2:  layout_basic, grunt_megastairs_4
Crypt:3:  church_of_pain_bobbens, layout_chaotic_city,
          nicolae_tomb_entry_unfolded_pyramid_orthogonal
Tomb:1
Tomb:2
Tomb:3
Depths:1: layout_long_grid, enter_ziggurat_a, hell_entry,
          nicolae_elyvilon_temple_path, evilmike_minifort
Depths:2: minmay_connected_boxes_in_corner, layout_gridville, abyss_entry,
          hell_entry, pan_entry, grunt_megastairs_3
Depths:3: minmay_four_inscribed_fans, layout_basic, abyss_entry, hell_entry,
          xom_teletrap_fun, serial_library_hellmonk_narrow_alcove
Depths:4: evilmike_zot_entry_diamond, layout_gridlike, abyss_entry,
          minivault_11, hell_entry, serial_shops, nicolae_shop_statue_plus,
          chequers_serial_rivers_room_b, grunt_megastairs_2, minmay_shop_star,
          serial_bayou_shore_b
Hell
Dis:1:    layout_gridville
Dis:2:    layout_jigsaw
Dis:3:    hangedman_iron_city_apartments
Dis:4:    layout_regular_city, nicolae_hells_hurtin_island
Dis:6:    hangedman_mysterious_dungeon_monster_house
Dis:7:    iron_city_of_dis [dis_grunt, dis_wall_1], layout_gridville
Geh:1:    nicolae_geh_erupted_tower, layout_gehenna_pools_box
Geh:2:    layout_gehenna_lava_caves
Geh:3:    layout_gehenna_pools_basic
Geh:4:    layout_gehenna_pools_basic
Geh:5:    layout_gehenna_lava_caves
Geh:6:    layout_gehenna_lava_caves
Geh:7:    geh_grunt
Coc:1:    layout_ice_bergs
Coc:2:    layout_cocytus_delve
Coc:3:    layout_cocytus_delve
Coc:4:    layout_ice_bergs
Coc:5:    layout_cocytus_water_paths
Coc:6:    layout_cocytus_delve
Coc:7:    coc_grunt_cove [coc_grunt_cove_antaeus, coc_grunt_cove_fiend,
          coc_grunt_cove_fiend, coc_grunt_cove_fiend, coc_grunt_cove_fiend]
Tar:1:    layout_grid_maze
Tar:2:    layout_grid_maze, nicolae_tar_combbox
Tar:3:    layout_cathedral_of_symmetry
Tar:4:    layout_honeycomb
Tar:5:    layout_grid_maze, nicolae_tar_cuneiform_three
Tar:6:    layout_cathedral_of_symmetry
Tar:7:    tar_grunt_cathedral
Zot:1:    layout_concentric_octagons, grunt_ministairs_1,
          regret_index_zotdec_carving_tricks, zot_minivault_8,
          regret_index_zotdec_twisting_globes
Zot:2:    hangedman_zot_vaults_quadrants, layout_concentric_octagons
Zot:3:    regret_index_all_hallows'_manor, layout_basic, grunt_ministairs_3
Zot:4:    layout_twisted_circle, skrybe_zot_glass_3,
          regret_index_zotdec_under_construction
Zot:5:    layout_gridville

Skill      XL: |  1  2  3  4  5  6  7  8  9 10 11 12 13 14 15 16 17 18 19 20 21 22 23 24 25 26 27 |
---------------+----------------------------------------------------------------------------------+-----
Maces & Flails | 3 4 5 6 7 8 9 10 12 13 14 15 16 17 18 19 20 21 22 23 24 25 27 | 27.0
Stealth        | 2 5 6 8 10 | 10.8
Invocations    | 1 3 5 6 7 9 10 11 12 13 14 15 | 15.0
Fighting       | 3 5 6 7 8 9 11 12 13 14 15 17 18 19 20 27 | 27.0
Translocations | 4 5 6 7 9 10 11 12 13 14 | 14.5
Shields        | 3 5 6 8 9 10 11 12 13 14 15 27 | 27.0
Armour         | 2 3 5 6 7 9 10 16 | 16.1
Spellcasting   | 4 5 6 7 8 23 | 23.8
Throwing       | 1 4 5 8 10 11 12 13 17 | 17.6
Shapeshifting  | 2 3 5 6 7 8 10 11 23 | 23.3
Dodging        | 2 4 5 6 7 10 | 10.6
Ice Magic      | 1 27 | 27.0
Evocations     | 1 4 5 7 |  7.3
Necromancy     | 7 |  7.0

Action                     |  1- 3 |  4- 6 |  7- 9 | 10-12 | 13-15 | 16-18 | 19-21 | 22-24 | 25-27 || total
---------------------------+-------+-------+-------+-------+-------+-------+-------+-------+-------++-------
  Melee: Mace              |    48 |    77 |   145 |   193 |       |       |       |       |       ||   463
         Punch             |       |     3 |     5 |     2 |       |       |       |       |       ||    10
         Flail             |       |       |   160 |   253 |   271 |       |       |       |       ||   684
         Morningstar       |       |       |       |   154 |   837 |   530 |       |       |       ||  1521
         Constrict         |       |       |       |       |   166 |   152 |    79 |   148 |   837 ||  1382
         Eveningstar       |       |       |       |       |       |   534 |   718 |  1285 |  3312 ||  5849
         Sacred scourge    |       |       |       |       |       |       |       |       |  3660 ||  3660
         Demon whip        |       |       |       |       |       |       |       |       |  1427 ||  1427
  Throw: Stone             |     5 |    13 |    18 |       |       |       |       |       |       ||    36
         Dart              |     1 |    25 |    60 |   107 |   214 |   127 |       |     3 |     1 ||   538
         Throwing net      |       |       |       |       |     1 |       |       |       |       ||     1
         Boomerang         |       |       |       |       |    19 |     3 |       |       |       ||    22
         Javelin           |       |       |       |       |       |       |     2 |     7 |    59 ||    68
   Cast: Lesser Beckoning  |       |     4 |     9 |    12 |    25 |    25 |    11 |    18 |   117 ||   221
         Manifold Assault  |       |       |       |    45 |   191 |   191 |   191 |   309 |  1823 ||  2750
         Blink             |       |       |       |     1 |       |       |       |     1 |     7 ||     9
         Ozocubu's Armour  |       |       |       |       |     8 |     5 |     2 |    24 |    96 ||   135
         Vhi's Electric Ch |       |       |       |       |    16 |    40 |    30 |    35 |   457 ||   578
         Apportation       |       |       |       |       |       |       |     1 |       |       ||     1
         Polar Vortex      |       |       |       |       |       |       |       |       |    33 ||    33
         Fugue of the Fall |       |       |       |       |       |       |       |       |     7 ||     7
 Invoke: Slouch            |       |       |       |     4 |     6 |     6 |     8 |    11 |    65 ||   100
         Step From Time    |       |       |       |       |       |     1 |       |       |     4 ||     5
Ability: Spit Poison       |    29 |    43 |    71 |    67 |   135 |   106 |    26 |    71 |    76 ||   624
         Breathe Poison Ga |       |       |       |       |       |       |       |       |    11 ||    11
  Evoke: Wand              |       |       |       |     4 |    16 |    10 |     1 |       |    12 ||    43
         Condenser vane    |       |       |       |       |       |       |     1 |       |     2 ||     3
         Lightning rod     |       |       |       |       |       |       |       |       |     8 ||     8
         Phantom mirror    |       |       |       |       |       |       |       |       |     2 ||     2
    Use: Scroll            |     1 |       |     5 |     4 |    11 |     9 |     7 |     7 |    32 ||    76
         Potion            |       |       |     2 |     3 |     1 |     7 |     2 |     2 |    26 ||    43
   Stab: Sleeping          |       |       |     3 |     3 |       |     5 |     1 |    11 |    27 ||    50
         Invisible         |       |       |       |     2 |     4 |       |       |       |    10 ||    16
         Distracted        |       |       |       |       |       |     2 |       |     3 |    23 ||    28
         Confused          |       |       |       |       |       |       |     2 |       |     2 ||     4
 Armour: Leather armour    |    29 |    36 |   183 |   319 |   404 |   461 |   262 |   258 |   934 ||  2886
         Skin              |       |       |       |       |       |    11 |       |       |  1107 ||  1118
         Troll leather arm |       |       |       |       |       |       |       |       |   170 ||   170
         Ice dragon scales |       |       |       |       |       |       |       |       |   101 ||   101
  Dodge: Dodged            |    22 |    31 |   112 |   208 |   157 |   161 |    68 |    82 |  1456 ||  2297
  Block: Buckler           |       |       |       |   141 |   328 |       |       |       |       ||   469
         Other             |       |       |       |     3 |       |       |       |       |       ||     3
         Reflection        |       |       |       |     4 |    24 |    43 |     1 |    63 |    71 ||   206
         Kite shield       |       |       |       |       |     2 |   607 |    48 |     5 |   311 ||   973
         Tower shield      |       |       |       |       |       |       |   277 |   520 |  5082 ||  5879
   Form: Statue            |       |       |       |       |       |       |       |       |     5 ||     5
                           |       |       |       |       |       |       |       |       |     3 ||     3
         Death             |       |       |       |       |       |       |       |       |     2 ||     2
